 Dungeon Crawl Stone Soup version 0.31.0-1-g2c135a0 (webtiles) character file.

Game seed: 7561917341977978529

11607985 Endbringerleviathan the Archmage (level 27, 222/222 HPs)
             Began as a Naga Fire Elementalist on Apr 3, 2024.
             Was the Champion of Zin.
             Escaped with the Orb
             ... and 15 runes on Apr 6, 2024!
             The game lasted 13:10:44 (142735 turns).

Endbringerleviathan the Archmage (NaFE)           Turns: 142735, Time: 13:10:45

Health: 222/222    AC: 31    Str:  7    XL:     27
Magic:  54/54      EV: 17    Int: 46    God:    Zin [******]
Gold:   5548       SH: 37    Dex: 21    Spells: 6/80 levels left

rFire   + . .        c - +3 Elemental Staff {ele, rElec rF+ rC+ AC+3}
rCold   + . .        U - +18 shield of the Gong {Loud rN+ Will+ rCorr EV-5}
rNeg    + + +        g - +1 robe of Vines {NoPotionHeal Regen++++}
rPois   +            z - +1 helmet of Xiafie {Str-4 Int+9 Dex+2}
rElec   +            y - +4 dragonskin cloak
rCorr   +            G - +1 pair of gloves {hurl}
SInv    +            B - +4 barding
Will    +++++        f - amulet "Raweited" {RegenMP rN+ Will+ Int+3}
Stlth   ++           K - ring of Muthryoxt {rElec rN++ Will+ Str-4 Dex+6}
HPRegen 3.77/turn    l - ring "Onweu" {rN+ Str+4 Int+6}
MPRegen 0.74/turn

%: no passive effects
@: studying 5 skills, very slow
A: AC +9, large, see invisible, deformed body, poison resistance, slowness 2,
spit poison 1, naga tail 2
0: Orb of Zot
}: 15/15 runes: decaying, slimy, silver, golden, iron, obsidian, icy, bone,
abyssal, demonic, glowing, magical, fiery, dark, gossamer
a: Spit Poison, Renounce Religion, Recite, Vitalisation, Imprison, Sanctuary,
Donate Gold


You escaped.
You worshipped Zin.
Zin was exalted by your worship.
You visited 18 branches of the dungeon, and saw 87 of its levels.
You visited Pandemonium 1 time, and saw 20 of its levels.
You visited the Abyss 6 times.
You completed 1 ziggurat, and saw 27 of its levels.
You also visited: Desolation.

You collected 49966 gold pieces.
You spent 13426 gold pieces at shops.
You donated 3994 gold pieces to Zin.
You paid 26998 gold pieces to Gozag.

Inventory:

Hand Weapons
 c - the +3 Elemental Staff (weapon) {ele, rElec rF+ rC+ AC+3}
   (You acquired it on level 10 of the Dungeon)

   AC+3:      It affects your AC (+3).
   rF+:       It protects you from fire.
   rC+:       It protects you from cold.
   rElec:     It insulates you from electricity.
Missiles
 n - 5 darts of dispersal
 s - 24 throwing nets
 u - 8 datura-tipped darts
 F - 46 boomerangs (quivered)
 H - 7 javelins
 S - 18 curare-tipped darts
 Z - 18 silver javelins
Armour
 g - the +1 robe of Vines (worn) {NoPotionHeal Regen++++}
   (You bought it in a shop on level 9 of the Dungeon)

   NoPotionHeal: Its wearer cannot be healed by potions.
   Regen++++: It increases your rate of health regeneration.
 y - the +4 dragonskin cloak (worn)
   (You took it off Tiamat on level 2 of the Realm of Zot)

   Avatar's Aegis: It grants the wearer a chance to resist fire, cold, poison,
   electricity, acid, and negative energy.
 z - the +1 helmet of Xiafie (worn) {Str-4 Int+9 Dex+2}
   (You found it on level 10 of the Dungeon)

   Str-4:     It affects your strength (-4).
   Int+9:     It affects your intelligence (+9).
   Dex+2:     It affects your dexterity (+2).
 B - a +4 barding (worn)
 C - a +2 tower shield of reflection
 G - a +1 pair of gloves of hurling (worn)
 U - the +18 shield of the Gong (worn) {Loud rN+ Will+ rCorr EV-5}
   (You found it on level 3 of the Tomb of the Ancients)

   Loud:      It is deafeningly noisy when blocking attacks.
   EV-5:      It affects your evasion (-5).
   rN+:       It protects you from negative energy.
   Will+:     It increases your willpower.
   rCorr:     It protects you from acid and corrosion.
Jewellery
 f - the amulet "Raweited" (around neck) {RegenMP rN+ Will+ Int+3}
   (You found it in Pandemonium)

   [amulet of magic regeneration]

   RegenMP:   It increases your rate of magic regeneration.
   Int+3:     It affects your intelligence (+3).
   rN+:       It protects you from negative energy.
   Will+:     It increases your willpower.
 l - the ring "Onweu" (right hand) {rN+ Str+4 Int+6}
   (You bought it in a shop on level 2 of the Orcish Mines)

   [ring of intelligence]

   Str+4:     It affects your strength (+4).
   Int+6:     It affects your intelligence (+6).
   rN+:       It protects you from negative energy.
 E - the ring "Miteac" {^Contam *Corrode +Blink rPois MP+9}
   (You found it on level 3 of the Tomb of the Ancients)

   [ring of magical power]

   rPois:     It protects you from poison MP+9: It affects your magic capacity
   (+9).
   +Blink:    It lets you blink.
   ^Contam:   It causes magical contamination when unequipped.
   *Corrode:  It may corrode you when you take damage.
 K - the ring of Muthryoxt (left hand) {rElec rN++ Will+ Str-4 Dex+6}
   (You took it off an ironbound preserver on level 5 of the Vaults)

   [ring of dexterity]

   Str-4:     It affects your strength (-4).
   Dex+6:     It affects your dexterity (+6).
   rElec:     It insulates you from electricity.
   rN++:      It greatly protects you from negative energy.
   Will+:     It increases your willpower.
Wands
 v - a wand of digging (44)
 x - a wand of mindburst (86)
 A - a wand of roots (85)
 R - a wand of charming (123)
 V - a wand of flame (35)
 Y - a wand of acid (22)
Scrolls
 i - 16 scrolls of immolation
 k - 18 scrolls of vulnerability
 p - 16 scrolls of fear
 q - 22 scrolls of teleportation
 r - 10 scrolls of amnesia
 t - 8 scrolls of poison
 w - 35 scrolls of fog
 I - 26 scrolls of revelation
 O - 8 scrolls of blinking
Potions
 a - 35 potions of mutation
 b - 5 potions of magic
 d - 44 potions of curing
 e - a potion of resistance
 h - 8 potions of might
 m - 6 potions of ambrosia
 o - 12 potions of haste
 D - 3 potions of berserk rage
 J - 10 potions of brilliance
 L - 8 potions of enlightenment
 P - 7 potions of invisibility
 Q - 12 potions of cancellation
Miscellaneous
 j - a condenser vane
 M - a +1 figurine of a ziggurat
 N - a phantom mirror
 T - a phial of floods
 X - a lightning rod (4/4)


   Skills:
 + Level 8.9 Fighting
 + Level 12.3 Staves
 + Level 13.6 Throwing
 + Level 19.7 Dodging
 + Level 14.3 Stealth
 + Level 25.7 Shields
 O Level 27 Spellcasting
 + Level 25.0 Conjurations
 + Level 5.5 Hexes
 + Level 7.2 Translocations
 O Level 27 Fire Magic
 + Level 26.1 Ice Magic
 + Level 25.1 Air Magic
 O Level 27 Earth Magic
 + Level 6.9 Alchemy
 + Level 21.7 Invocations
 + Level 16.4 Evocations


You had 6 spell levels left.
You knew the following spells:

 Your Spells              Type           Power      Damage    Failure   Level
a - Plasma Beam           Fire/Air       96%        2x1d116   0%          6
b - Ignition              Fire           84%        3d22      1%          8
c - Fire Storm            Conj/Fire      83%        8d21      1%          9
d - Polar Vortex          Ice            83%        12d11*    1%          9
e - Lehudib's Crystal Sp  Conj/Erth      83%        10d18     1%          8
f - Chain Lightning       Conj/Air       82%        3d109     1%          9
g - Ozocubu's Refrigerat  Ice            83%        4d25      0%          7
h - Ozocubu's Armour      Ice            100%       N/A       0%          3
i - Blink                 Tloc           100%       N/A       1%          2
j - Iskenderun's Mystic   Conj/Tloc      100%       2d19      0%          4
k - Shatter               Erth           84%        3d61*     1%          9

Your spell library contained the following spells:

 Spells                   Type           Power      Damage    Failure   Level
 Apportation              Tloc           100%       N/A       0%          1
 Foxfire                  Conj/Fire      100%       2x1d9     0%          1
 Freeze                   Ice            100%       1d10      0%          1
 Kiss of Death            Conj/Necr      100%       2d13      0%          1
 Magic Dart               Conj           100%       1d8       0%          1
 Sandblast                Erth           100%       2d20      0%          1
 Shock                    Conj/Air       100%       1d9       0%          1
 Sting                    Conj/Alch      100%       1d9       0%          1
 Cigotuvi's Dreadful Rot  Necr/Alch/Air  100%       N/A       0%          2
 Ensorcelled Hibernation  Hex/Ice        100%       N/A       0%          2
 Mercury Vapours          Alch/Air       100%       N/A       0%          2
 Momentum Strike          Conj/Tloc      100%       3d10      0%          2
 Scorch                   Fire           100%       2d9       0%          2
 Searing Ray              Conj           100%       2d8       0%          2
 Static Discharge         Conj/Air       100%       3-8/arc   0%          2
 Dazzling Flash           Conj/Hex       100%       N/A       0%          3
 Frozen Ramparts          Ice            100%       1d16      0%          3
 Hailstorm                Conj/Ice       100%       3d16      0%          3
 Inner Flame              Hex/Fire       100%       N/A       0%          3
 Mephitic Cloud           Conj/Alch/Air  100%       N/A       0%          3
 Passwall                 Erth           100%       N/A       0%          3
 Stone Arrow              Conj/Erth      100%       3d13      0%          3
 Summon Ice Beast         Ice/Summ       100%       N/A       0%          3
 Swiftness                Air            100%       N/A       0%          3
 Volatile Blastmotes      Fire/Tloc      100%       2d18      0%          3
 Airstrike                Air            82%        2d(12-28) 0%          4
 Animate Armour           Summ/Erth      100%       N/A       0%          4
 Brom's Barrelling Bould  Conj/Erth      100%       2d11      0%          4
 Flame Wave               Conj/Fire      100%       2d21      0%          4
 Fulminant Prism          Conj/Alch      59%        3d24      0%          4
 Ignite Poison            Fire/Alch      100%       N/A       0%          4
 Leda's Liquefaction      Alch/Erth      72%        N/A       0%          4
 Petrify                  Alch/Erth      100%       N/A       0%          4
 Sticky Flame             Fire/Alch      100%       2d15      0%          4
 Summon Blazeheart Golem  Fire/Summ      100%       N/A       0%          4
 Summon Lightning Spire   Summ/Air       100%       N/A       0%          4
 Vhi's Electric Charge    Tloc/Air       100%       N/A       0%          4
 Arcjolt                  Conj/Air       82%        1d92      0%          5
 Fireball                 Conj/Fire      83%        3d31      0%          5
 Freezing Cloud           Conj/Ice/Air   96%        6-21      0%          5
 Irradiate                Conj/Alch      59%        3d31      0%          5
 Iskenderun's Battlesphe  Conj           100%       2d15      0%          5
 Lee's Rapid Deconstruct  Erth           84%        3d37*     0%          5
 Metabolic Englaciation   Hex/Ice        71%        N/A       0%          5
 Silence                  Hex/Air        70%        N/A       0%          5
 Bombard                  Conj/Erth      83%        9d13      0%          6
 Conjure Ball Lightning   Conj/Air       82%        3x3d31    0%          6
 Starburst                Conj/Fire      83%        6d21      0%          6
 Necrotise                Necr           100%       1d9       1%          1
 Slow                     Hex            100%       N/A       1%          1
 Summon Small Mammal      Summ           100%       N/A       1%          1
 Call Imp                 Summ           100%       N/A       1%          2
 Jinxbite                 Hex            100%       N/A       1%          2
 Lesser Beckoning         Tloc           100%       N/A       1%          2
 Sublimation of Blood     Necr           58%        N/A       1%          2
 Call Canine Familiar     Summ           58%        N/A       1%          3
 Confusing Touch          Hex            85%        N/A       1%          3
 Fugue of the Fallen      Necr           58%        N/A       1%          3
 Gell's Gravitas          Tloc           91%        N/A       1%          3
 Sigil of Binding         Hex            85%        N/A       1%          3
 Teleport Other           Tloc           91%        N/A       1%          3
 Tukima's Dance           Hex            85%        N/A       1%          3
 Vampiric Draining        Necr           58%        2d10      1%          3
 Anguish                  Hex/Necr       36%        N/A       1%          4
 Cause Fear               Hex            42%        N/A       1%          4
 Dimensional Bullseye     Hex/Tloc       44%        N/A       1%          4
 Manifold Assault         Tloc           91%        N/A       1%          4
 Olgreb's Toxic Radiance  Alch           90%        N/A       1%          4
 Passage of Golubria      Tloc           91%        N/A       1%          4
 Alistair's Intoxication  Alch           60%        N/A       1%          5
 Borgnjor's Vile Clutch   Necr/Erth      68%        N/A       1%          5
 Summon Forest            Summ/Tloc      38%        N/A       1%          5
 Summon Mana Viper        Hex/Summ       73%        N/A       1%          5
 Yara's Violent Unravell  Hex/Alch       44%        3d17      1%          5
 Dispersal                Tloc           45%        N/A       1%          6
 Eringya's Noxious Bog    Alch           45%        4d6       1%          6
 Sculpt Simulacrum        Ice/Alch       72%        N/A       1%          6
 Animate Dead             Necr           58%        N/A       2%          4
 Dispel Undead            Necr           58%        3d21      2%          4
 Martyr's Knell           Necr/Summ      58%        N/A       2%          4
 Curse of Agony           Necr           58%        N/A       6%          5
 Death Channel            Necr           29%        N/A       34%         6
 Summon Cactus Giant      Summ           29%        N/A       34%         6
 Orb of Destruction       Conj           69%        9d16      0%          7
 Spellforged Servitor     Conj/Summ      54%        N/A       1%          7
 Maxwell's Capacitive Co  Air            82%        ∞         1%          8
 Enfeeble                 Hex            42%        N/A       21%         7
 Malign Gateway           Summ/Tloc      38%        N/A       41%         7
 Disjunction              Tloc           45%        N/A       61%         8
 Discord                  Hex            42%        N/A       83%         8
 Haunt                    Necr/Summ      29%        N/A       88%         7
 Monstrous Menagerie      Summ           29%        N/A       88%         7
 Summon Hydra             Summ           29%        N/A       88%         7
 Borgnjor's Revivificati  Necr           29%        N/A       100%        8
 Infestation              Necr           29%        N/A       100%        8
 Summon Horrible Things   Summ           29%        N/A       100%        8
 Death's Door             Necr           29%        N/A       100%        9
 Dragon's Call            Summ           29%        N/A       100%        9


Dungeon Overview and Level Annotations

Branches:
Dungeon (15/15)            Temple (1/1) D:6            Lair (5/5) D:9
  Swamp (4/4) Lair:3       Spider (4/4) Lair:2        Slime (5/5) Lair:4
    Orc (2/2) D:11            Elf (3/3) Orc:2        Vaults (5/5) D:13
  Crypt (3/3) Vaults:3       Tomb (3/3) Crypt:3      Depths (4/4) D:15
   Hell (visited)             Dis (7/7) Hell            Geh (7/7) Hell
    Coc (7/7) Hell            Tar (7/7) Hell            Zot (5/5) Depths:4
Desolation (visited)

Altars:
Ashenzari
Cheibriados
Dithmenos
Elyvilon
Fedhas
Gozag
Hepliaklqana
Kikubaaqudgha
Makhleb
Nemelex Xobeh
Okawaru
Qazlal
Ru
Sif Muna
Trog
Uskayaw
Vehumet
Wu Jian
Xom
Yredelemnul
Zin
The Shining One
Jiyva

Shops:
D:3 (   D:6 :   D:9 [?:[[[   D:11 [*   D:13 [[**=   Orc:2 *=(?=!   Elf:2 [[
Lair:4 [   Vaults:3 [[   Depths:1 [=:   Depths:3 *   Depths:4 [=[[:

Portals:
Hell: Depths:1 Depths:2 Depths:3 Depths:4
Abyss: Depths:1 Depths:2 Depths:3
Pandemonium: Depths:1 Depths:2 Depths:3


Innate Abilities, Weirdness & Mutations

Your serpentine skin is tough. (AC +9)
You have supernaturally acute eyesight. (SInv)
Armour fits poorly on your strangely shaped body.
Your system is resistant to poisons. (rPois)
You cover ground very slowly.
You can spit poison.
You can use your snake-like lower body to constrict enemies.


Message History

Aiming: Dig
Press: ? - help, Shift-Dir - straight line A rock wall.
This square is covered in magical glow.
The rock shatters into small pieces.
There is a stone staircase leading up here.
You climb upwards.
There is a stone staircase leading down here.
Aiming: Throw Flame
Press: ? - help, Shift-Dir - straight line
Okay, then.
Aiming: Dig
Press: ? - help, Shift-Dir - straight line A rock wall.
This square is covered in magical glow.
The rock shatters into small pieces.
An orange demon comes into view.
The orange demon moves out of view.
You block the orange demon's attack.
GONNNNG!
You see here 6 stones.
You block the orange demon's attack.
PTOANNNG!
The orange demon attacks as it pursues you!
You block the orange demon's attack.
GONNNNG!
You block the orange demon's attack.
GONNNNG!
The orange demon attacks as it pursues you!
You block the orange demon's attack.
GONNNNG!
You block the orange demon's attack.
GONNNNG!
The orange demon attacks as it pursues you!
You block the orange demon's attack.
SHROANNG!
There is a staircase leading out of the dungeon here.
You block the orange demon's attack.
BONNNG!
You have escaped!

.##..........+....†....#
###..........#.###.#...#
..##.......###.....###.#
..++.......###.#.#.###.####
..##....####.........#....##
..##....####.#.#.#.#.###...#
..##...........#.#.......#.#
.........#.#.###.###.#.###.#
.........#......@......###.##
.........#.#.###.###.#.#...>#
#..............#4#.......##.#
#........###.#.#.#.#.###.##.#
#........# #.........##..##.#
#...#....# ###.#.#.###..###.#
#...#..### #.....#...##...###
#...#..# #.###.#.####.#...#
...##..# ###......##...#.#.#


You could see an orange demon.

Vanquished Creatures
  Cerebov (Pan)
  Asmodeus (Geh:7)
  Antaeus (Coc:7)
  the Royal Jelly (Slime:5)
  Mnoleg (Pan)
  Ignacio (Pan)
  Dissolution (Slime:2)
  Ereshkigal (Tar:7)
  Gloorx Vloq (Pan)
  the Serpent of Hell (Dis:7)
  Lom Lobon (Pan)
  12 dread liches
  Dispater (Dis:7)
  19 ancient liches
  9 orbs of fire
  Tiamat (Zot:2)
  3 juggernauts (Dis:7)
  The ghost of Toelubet the Slayer, a veteran CeHu of Okawaru (Zot:5)
  37 royal mummies
  Sojobo (Depths:1)
  Parghit (Zot:3)
  Vv (Zot:2)
  Boris (thrice) (Depths:2 Tomb:2 D:15)
  Margery (Depths:4)
  11 shard shrikes
  Bai Suzhen (Spider:3)
  A curse toe (Zot:1)
  7 Killer Klowns
  18 pandemonium lords
  Geryon (Hell)
  28 caustic shrikes
  29 golden dragons
  Nikola (Swamp:4)
  the Enchantress (D:15)
  12 profane servitors
  26 bone dragons
  A pearl dragon (Abyss:2)
  Norris (Depths:1)
  22 Tzitzimimeh
  18 doom hounds
  5 electric golems
  22 Brimstone Fiends
  3 shard shrike zombies
  11 iron giants
  A walking crystal tome (Depths:3)
  Rupert (D:14)
  A spectral shard shrike (Tar:6)
  34 tentacled monstrosities
  6 hellephants
  29 Orb Guardians
  A shard shrike skeleton (Tar:7)
  41 Hell Sentinels
  20 tainted leviathans
  31 Ice Fiends
  Grunn (Depths:4)
  20 titans
  Asterion (Spider:1)
  2 deep elf blademasters
  3 walking frostbound tomes (Pan)
  16 quicksilver dragons
  A deep elf master archer (Elf:3)
  17 tentacled starspawn
  11 liches
  Gastronok (D:11)
  36 acid blobs
  48 Executioners
  51 ancient champions
  18 searing wretches
  3 thorn hunters
  16 sphinxes
  12 death cobs
  The ghost of Polaczum the Brawler, an adept TrMo of Nemelex Xobeh (Depths:3)
  The ghost of Silenth the Unseen, an adept KoHu of Okawaru (Swamp:3)
  Kirke (D:14)
  8 tengu reavers
  13 storm dragons
  15 shadow dragons
  4 draconian monks
  10 revenants
  20 demonspawn warmongers (Pan)
  18 fire giants
  21 azure jellies
  13 iron dragons
  7 protean progenitors
  18 rockslimes
  18 fenstrider witches
  10 draconian scorchers
  4 draconian knights
  45 narguns
  4 draconian shifters
  17 frost giants
  70 balrugs
  A caustic shrike zombie (Tar:7)
  2 imperial myrmidons (Desolation)
  38 quicksilver elementals
  27 vault wardens
  11 emperor scorpions
  3 deep elf elementalists (Elf:3)
  26 ghost moths
  13 shard shrike simulacra
  10 curse skulls
  5 ghouls
  51 cacodemons
  15 deep elf sorcerers
  An angel (Pan)
  4 spectral caustic shrikes
  18 demonspawn corrupters (Pan)
  A spectral juggernaut (Tar:5)
  2 juggernaut zombies (Tar:7)
  A quicksilver ooze (shapeshifter) (Vaults:2)
  2 draconian stormcallers
  11 orc warlords
  20 ironbound preservers
  20 very ugly things
  3 juggernaut skeletons (Pan)
  12 draconian annihilators
  63 reapers
  3 caustic shrike skeletons (Pan)
  5 broodmothers
  An ophan (Abyss:3)
  25 stone giants
  3 spriggan defenders
  16 vampire knights
  5 formless jellyfish
  12 ironbound thunderhulks
  11 quicksilver oozes
  A stone giant (shapeshifter) (Zig:12)
  24 demonspawn blood saints (Pan)
  11 black draconians
  8 bennus
  22 elemental wellsprings
  17 putrid mouths
  11 deep elf death magi
  6 green draconians
  6 deep elf demonologists
  14 purple draconians
  4 halazid warlocks (Desolation)
  23 demonspawn black suns
  44 war gargoyles
  11 red draconians
  37 wendigos
  14 deep elf annihilators
  A spectral titan (Tar:1)
  42 lorocyprocas
  16 dire elephants
  12 yellow draconians
  3 spark wasps (Depths:4)
  10 eleionomae
  14 bunyips
  8 white draconians
  47 blizzard demons
  35 iron golems
  Azrael (D:14)
  2 crystal guardians
  8 ragged hierophants (Desolation)
  13 ettins
  48 green deaths
  3 merfolk javelineers (Zig:13)
  15 eidola
  7 jiangshi
  7 spectral spriggans
  A spectral iron giant (Tar:3)
  14 fire dragons
  7 entropy weavers
  28 mummy priests
  14 yaktaur captains
  10 shambling mangroves
  A spectral fenstrider witch (Tar:2)
  11 great orbs of eyes
  10 deep elf high priests
  45 hydras
  A quicksilver dragon skeleton (Crypt:1)
  A spriggan zombie (Crypt:1)
  19 salamander tyrants
  3 jorogumos
  Erolcha (D:11)
  9 ironbound frosthearts
  8 peacekeepers
  17 caustic shrike simulacra
  8 ice dragons
  10 juggernaut simulacra
  38 vault guards
  6 hell beasts (Pan)
  2 ogre magi (D:13)
  An elf skeleton (Crypt:1)
  Erica (D:11)
  An alligator snapping turtle (Zig:13)
  12 servants of whispers
  4 spriggan air magi
  2 ghost crabs
  20 alligators
  11 rakshasas
  A catoblepas (D:13)
  4 boulder beetles
  6 centaur warriors
  55 dancing weapons
  3 death knights
  4 two-headed ogres
  2 merfolk aquamancers
  3 tengu warriors
  4 death yaks
  A titan zombie (Crypt:1)
  11 stokers
  12 vampire magi
  103 death scarabs
  38 hell hogs
  10 thrashing horrors
  4 radroaches
  A bennu skeleton (Crypt:2)
  5 spriggan berserkers
  3 deep troll earth magi
  An occultist (Depths:1)
  A spectral dire elephant (Tar:1)
  8 orc high priests
  4 deep troll shamans
  4 spectral emperor scorpions
  Urug (D:12)
  41 demonic crawlers
  An azure jelly zombie (Crypt:2)
  79 soul eaters
  33 crystal echidnas
  3 shock serpents (Pan)
  110 sun demons
  16 deep elf knights
  An emperor scorpion zombie (Crypt:1)
  5 skysharks
  16 spriggans
  7 hellephant skeletons (Pan)
  16 hell knights
  A titan skeleton (Zig:9)
  52 sixfirhies
  44 shadow wraiths
  An iron troll (shapeshifter) (Zig:12)
  A skyshark (shapeshifter) (Vaults:5)
  A spectral storm dragon (Tar:1)
  10 fire crabs (Zig:22)
  A bunyip zombie (Tomb:3)
  7 iron trolls
  8 pharaoh ants
  An iron giant zombie (Tar:7)
  31 skeletal warriors
  8 wretched stars
  A death drake (shapeshifter) (Zig:5)
  20 orb spiders
  9 goliath frogs
  5 sea snakes (Zig:13)
  An anaconda zombie (Tomb:1)
  7 glowing orange brains
  35 shadow demons
  A spectral anaconda (Tar:1)
  3 quicksilver dragon simulacra
  8 death drakes
  12 flayed ghosts
  8 spriggan simulacra
  37 deep elf pyromancers
  21 ironbound convokers
  24 phantasmal warriors
  A shadow dragon zombie (Depths:2)
  19 swamp dragons
  48 deep trolls
  6 arcanists
  2 lindwurms (Vaults:2)
  9 bog bodies
  20 orc knights
  15 sun moths
  11 deep elf archers
  An alligator zombie (Hell)
  12 spriggan druids
  5 steelbarb worms
  7 necromancers
  11 shining eyes
  2 anaconda skeletons
  10 orc sorcerers
  30 deep elf zephyrmancers
  10 harpies
  An oklob plant (Lair:4)
  A shadow dragon skeleton (Depths:2)
  2 fire giant zombies
  A spectral ettin (Tar:1)
  2 stone giant zombies
  A faun (Zot:4)
  2 iron dragon skeletons (Dis:5)
  30 wolf spiders
  2 fauns (shapeshifter) (Vaults:5)
  30 ugly things
  10 worldbinders
  14 will-o-the-wisps
  5 cyclopes
  10 manticores
  3 meliai
  2 centaur zombies
  4 Executioner simulacra (Pan)
  A tengu skeleton (Depths:2)
  27 vault sentinels
  An alligator skeleton (Crypt:3)
  87 large abominations
  11 elephants
  2 guardian serpents
  46 moths of wrath
  A stone giant skeleton (Vaults:3)
  10 black mambas
  5 kobold blastminers
  A merfolk siren (Zig:13)
  2 water nymphs (shapeshifter)
  5 water nymphs
  2 apocalypse crabs (Abyss:3)
  15 rust devils
  An eye of devastation (shapeshifter) (Vaults:5)
  A minotaur zombie (Crypt:1)
  2 titan simulacra
  10 molten gargoyles
  4 naga skeletons
  9 ice statues
  13 torpor snails
  A yellow draconian zombie (Crypt:3)
  55 orange demons
  2 gargoyles (D:13)
  92 smoke demons
  A centaur skeleton (Crypt:1)
  17 cane toads
  8 eyes of devastation
  A mana viper skeleton (Crypt:1)
  14 rime drakes
  A redback zombie (Crypt:3)
  9 komodo dragons
  An iron troll zombie (Dis:5)
  36 yaktaurs
  37 hellions
  A bunyip simulacrum (Tomb:2)
  6 unseen horrors
  21 efreet
  16 freezing wraiths
  A purple draconian zombie (Crypt:1)
  46 tormentors
  9 tengu conjurers
  8 ancient zymes
  2 golden dragon simulacra
  49 guardian mummies
  7 spectral harpies
  A black draconian zombie (Crypt:1)
  17 ice devils
  13 red devils
  6 anaconda simulacra
  A sea snake skeleton (Hell)
  A spectral demonspawn (Tar:1)
  2 harpy zombies
  3 silent spectres
  A pale draconian zombie (Crypt:3)
  2 merfolk (Zig:13)
  2 hydra zombies (Hell)
  36 hellwings
  2 shadow dragon simulacra
  4 bloated husks
  22 tyrant leeches
  A troll (shapeshifter) (Vaults:5)
  5 polar bears
  A hydra skeleton (Hell)
  16 trolls
  An iron troll skeleton (Dis:5)
  29 hornets
  55 saltlings (Desolation)
  A boulder beetle zombie (Crypt:2)
  26 tarantellas
  9 wind drakes
  An alligator simulacrum (Hell)
  A wind drake (shapeshifter) (Vaults:5)
  11 glass eyes
  2 iron dragon simulacra
  14 blink frogs
  3 snapping turtles (Zig:13)
  4 dream sheep
  4 harpy skeletons
  2 stone giant simulacra
  An ice dragon zombie (Tomb:2)
  12 raiju
  25 jumping spiders
  118 slime creatures
  2 air elementals (Elf:2)
  27 culicivoras
  18 shadows
  82 ynoxinuls
  27 wyverns
  2 naga simulacra
  8 golden eyes
  A human (D:13)
  46 yaks
  5 vampires
  17 water elementals
  10 wargs
  6 dire elephant simulacra
  9 wraiths
  9 basilisks
  19 ushabtiu
  15 vampire mosquitoes
  4 fire bats (Abyss:3)
  A minotaur simulacrum (Coc:1)
  3 alligator snapping turtle simulacra
  7 fire elementals
  An elf zombie (Vaults:3)
  61 redbacks
  57 neqoxecs
  3 hogs (D:14)
  3 sea snake simulacra (Hell)
  Menkaure (D:7)
  85 chaos spawn
  5 steam dragons
  22 harpy simulacra
  A naga (shapeshifter) (D:15)
  21 swamp worms
  A demonspawn zombie (Crypt:2)
  A swamp worm (shapeshifter) (Zig:11)
  5 acid dragons
  21 water moccasins
  13 hell hounds
  4 hydra simulacra
  An entropy weaver zombie (Crypt:2)
  A glowing shapeshifter skeleton (Zig:9)
  2 black bears
  64 orc warriors
  4 ettin simulacra
  11 swamp drakes
  2 sky beasts (D:7)
  22 laughing skulls
  16 small abominations
  20 ogres
  14 wolves
  4 boggarts (Vaults:2)
  10 centaurs
  A phantom (D:5)
  4 kobold brigands
  2 weeping skulls (Abyss:3)
  11 bullfrogs
  6 gnoll sergeants
  3 scorpions
  3 necrophages (Crypt:2)
  A cyclops zombie (Crypt:3)
  An earth elemental (Elf:2)
  A warg skeleton (Crypt:2)
  11 wights
  14 killer bees
  2 vampire bats (Abyss:3)
  2 electric eels
  5 spriggan skeletons
  10 howler monkeys
  A crimson imp (Abyss:3)
  A human zombie (Crypt:1)
  4 quasits (Abyss:3)
  32 orc priests
  10 hounds
  A bullfrog skeleton (Crypt:1)
  4 gnoll boudas
  3 sleepcaps
  30 starcursed masses
  3 jellies
  3 human skeletons (Crypt:1)
  2 iguanas (D:6)
  25 orc wizards
  12 hell rats
  An acid dragon zombie (Crypt:2)
  A brain worm zombie (Crypt:3)
  2 deep dwarf zombies (Crypt:3)
  A sky beast zombie (Crypt:1)
  90 mummies
  45 gnolls
  7 adders
  3 shadow imps
  3 white imps
  7 ufetubi
  An iguana zombie (Crypt:3)
  2 ribbon worms (D:2)
  5 dart slugs
  98 orcs
  9 bats
  6 endoplasms
  A giant cockroach (D:1)
  8 goblins
  6 hobgoblins
  10 jackals
  A quokka (D:1)
  7 ball pythons
  A ball python skeleton (Crypt:3)
  5 frilled lizards
  13 kobolds
  6 rats
  4 aspiring fleshes
  5 butterflies
  9 creeping infernos
  30 fire vortices
  A lurking horror (Pan)
  A spectral weapon (Spider:1)
  14 starspawn tentacles
6233 creatures vanquished.

Vanquished Creatures (collateral kills)
  A golden dragon (Zig:7)
  An Ice Fiend (Zig:21)
  2 titans (Coc:4)
  A shard shrike simulacrum (Coc:4)
  A green death (Pan)
  A thrashing horror (Abyss:3)
  3 steelbarb worms (Swamp:1)
  An orc sorcerer (Abyss:3)
  An apocalypse crab (Abyss:3)
  A freezing wraith (Coc:4)
  3 yaktaurs (Vaults:2)
  A tyrant leech (Swamp:1)
  An ushabti (Zig:9)
  A harpy simulacrum (Coc:4)
  2 mummies
  9 foxfires
30 creatures vanquished.

Vanquished Creatures (others)
  A Killer Klown (Zig:12)
  A pandemonium lord (Zig:12)
  2 golden dragons
  A bone dragon (Abyss:2)
  An eldritch tentacle (Pan)
  A shard shrike simulacrum (Coc:7)
  3 demonspawn blood saints (Pan)
  A bunyip (Swamp:1)
  A caustic shrike simulacrum (Coc:4)
  2 stokers
  A two-headed ogre (Orc:2)
  A hell hog (Geh:1)
  A hell knight (Zig:22)
  A soul eater (Pan)
  A sun moth (Pan)
  An arcanist (D:4)
  An orc knight (Orc:2)
  A large abomination (Abyss:3)
  A smoke demon (Pan)
  An unseen horror (Abyss:3)
  A hellwing (Pan)
  A wind drake (Zig:24)
  A bloated husk (Swamp:4)
  A tyrant leech (Swamp:2)
  An iron dragon simulacrum (Coc:4)
  A naga simulacrum (Coc:5)
  2 ynoxinuls
  A vampire mosquito (Swamp:2)
  A chaos spawn (Pan)
  A small abomination (Abyss:3)
  An acid dragon (Zig:24)
  3 orc warriors (Orc:2)
  An orc priest (Orc:2)
  A white imp (Abyss:2)
  21 ball lightnings
  70 fire vortices
  2356 foxfires
  22 starspawn tentacles
2510 creatures vanquished.

Grand Total: 8773 creatures vanquished

Notes
Turn   | Place    | Note
-------+----------+-------------------------------------------
     0 | D:1      | Endbringerleviathan the Naga Fire Elementalist began the
                  | quest for the Orb.
     0 | D:1      | Reached XP level 1. HP: 15/15 MP: 3/3
   260 | D:1      | Reached XP level 2. HP: 17/22 MP: 0/5
   263 | D:1      | Learned a level 2 spell: Scorch
   553 | D:2      | Identified the +7 sling of the Girdle {flame, MP+9}
  1306 | D:2      | Reached XP level 3. HP: 28/28 MP: 6/6
  1311 | D:2      | Learned a level 3 spell: Inner Flame
  2173 | D:3      | Reached XP level 4. HP: 33/37 MP: 7/7
  2595 | D:3      | Found Cuess's Weapon Shoppe.
  2834 | D:3      | Reached XP level 5. HP: 43/43 MP: 9/9
  2839 | D:3      | Learned a level 4 spell: Flame Wave
  3175 | D:4      | Reached XP level 6. HP: 35/50 MP: 3/11
  3442 | D:4      | Noticed a black bear
  3448 | D:4      | Killed a black bear
  3647 | D:4      | Reached XP level 7. HP: 49/56 MP: 12/13
  3649 | D:4      | Reached skill level 5 in Fire Magic
  4153 | D:4      | Found a bloodstained altar of Trog.
  4179 | D:4      | Noticed a wizard
  4184 | D:4      | Killed a wizard
  4299 | D:5      | Entered Level 5 of the Dungeon
  4388 | D:5      | Found an ancient bone altar of Kikubaaqudgha.
  4476 | D:5      | Reached skill level 1 in Fighting
  4547 | D:5      | Learned a level 2 spell: Blink
  4911 | D:5      | Found a stormy altar of Qazlal.
  4911 | D:5      | Found a glowing silver altar of Zin.
  4971 | D:6      | Reached skill level 5 in Spellcasting
  5065 | D:6      | Reached XP level 8. HP: 64/64 MP: 15/15
  5429 | D:6      | Noticed a two-headed ogre
  5440 | D:6      | Killed a two-headed ogre
  5441 | D:6      | Reached XP level 9. HP: 32/73 MP: 12/19
  5524 | D:6      | Found Xyfuu's Tiny Tomes.
  5535 | D:6      | Reached skill level 5 in Conjurations
  5687 | D:6      | Reached skill level 1 in Hexes
  6307 | D:6      | Identified the +2 leather armour of Zyoriqo {-Tele Dex+6}
  6321 | D:6      | Found a staircase to the Ecumenical Temple.
  6344 | Temple   | Entered the Ecumenical Temple
  6347 | Temple   | Became a worshipper of Gozag Ym Sagoz the Greedy
  6420 | D:6      | Reached XP level 10. HP: 80/80 MP: 22/22
  7204 | D:7      | Noticed Menkaure
  7208 | D:7      | Killed Menkaure
  7389 | D:7      | Reached skill level 1 in Shields
  7639 | D:7      | Reached skill level 1 in Translocations
  7639 | D:7      | Reached skill level 1 in Evocations
  8574 | D:9      | Noticed a two-headed ogre
  8583 | D:9      | Killed a two-headed ogre
  8784 | D:9      | Found a staircase to the Lair.
  8821 | D:9      | Bought a +2 pair of gloves of strength for 279 gold pieces
  9017 | D:9      | Reached XP level 11. HP: 86/86 MP: 6/24
  9232 | D:9      | Found Meahaokk's Magic Scroll Emporium.
  9238 | D:9      | Found Bupydul's Book Emporium.
  9250 | D:9      | Bought a scroll of fog for 60 gold pieces
  9250 | D:9      | Bought a scroll of blinking for 112 gold pieces
  9250 | D:9      | Bought a scroll of teleportation for 45 gold pieces
  9250 | D:9      | Bought a scroll of poison for 60 gold pieces
  9250 | D:9      | Bought a scroll of enchant armour for 112 gold pieces
  9406 | D:9      | Noticed a five-headed hydra
  9417 | D:9      | Killed a five-headed hydra
  9502 | D:9      | Found Enekaudy's Antique Armour Shoppe.
  9864 | D:10     | Entered Level 10 of the Dungeon
 10463 | D:10     | Found a transporter.
 10464 | D:10     | Noticed a yaktaur captain
 10464 | D:10     | Noticed a cyan ugly thing
 10466 | D:10     | Noticed a skeletal warrior
 10467 | D:10     | Noticed a centaur warrior
 10468 | D:10     | Found a transporter.
 10488 | D:10     | Found a transporter.
 10515 | D:10     | Found a transporter.
 10533 | D:10     | Found a transporter.
 10639 | D:10     | Noticed a fire dragon
 10739 | D:9      | Bought a polished leather armour for 224 gold pieces
 10739 | D:9      | Identified the +3 leather armour "Zeutie" {-Cast +Blink
                  | rElec Regen+} (You bought it in a shop on level 9 of the
                  | Dungeon)
 10799 | Lair:1   | Entered Level 1 of the Lair of Beasts
 11291 | Lair:1   | Reached XP level 12. HP: 86/94 MP: 25/25
 11825 | Lair:2   | Reached skill level 5 in Stealth
 11825 | Lair:2   | Noticed a skyshark
 12053 | Lair:2   | Reached skill level 5 in Shields
 12255 | Lair:2   | Reached skill level 10 in Spellcasting
 12255 | Lair:2   | Reached skill level 5 in Evocations
 12261 | Lair:2   | Killed a skyshark
 12381 | Lair:2   | Found a hole to the Spider Nest.
 12396 | Lair:2   | Reached skill level 5 in Dodging
 12408 | Lair:2   | Reached skill level 10 in Fire Magic
 12665 | Lair:2   | Noticed a six-headed hydra
 12672 | Lair:2   | Killed a six-headed hydra
 12688 | Lair:2   | Reached skill level 5 in Translocations
 13772 | Lair:3   | Noticed an alligator
 13782 | Lair:3   | Killed an alligator
 14103 | Lair:3   | Gained mutation: You can use your snake-like lower body to
                  | constrict enemies. [Naga growth]
 14103 | Lair:3   | Reached XP level 13. HP: 102/102 MP: 24/27
 14764 | Lair:3   | Found a staircase to the Swamp.
 15917 | Lair:4   | Found a viscous altar of Jiyva.
 15918 | Lair:4   | Found a staircase to the Slime Pits.
 16839 | Lair:5   | Entered Level 5 of the Lair of Beasts
 17221 | Lair:5   | Reached skill level 1 in Throwing
 17221 | Lair:5   | Reached XP level 14. HP: 111/111 MP: 26/29
 17554 | Lair:5   | Reached skill level 10 in Conjurations
 19054 | Lair:5   | Identified the staff "Xaackuc" {rPois rN++ rCorr Int-3 Conj
                  | Alchemy}
 19405 | D:9      | Bought a Trismegistus Codex for 364 gold pieces
 19405 | D:9      | Bought a book of Power for 546 gold pieces
 19493 | D:6      | Bought Sif Muna's Papyrus of Maleficia for 132 gold pieces
 19493 | D:6      | Bought the Annotations on Frost for 88 gold pieces
 19501 | D:6      | Learned a level 3 spell: Ozocubu's Armour
 19507 | D:6      | Learned a level 5 spell: Freezing Cloud
 19514 | D:6      | Learned a level 6 spell: Bombard
 19773 | D:11     | Identified a scroll of acquirement
 19775 | D:11     | Acquired 496 gold pieces
 19963 | D:11     | Reached skill level 1 in Air Magic
 20156 | D:11     | Noticed Gastronok
 20168 | D:11     | Killed Gastronok
 20169 | D:11     | Reached skill level 1 in Earth Magic
 20189 | D:11     | Noticed Erolcha
 20196 | D:11     | Killed Erolcha
 20197 | D:11     | Reached skill level 1 in Ice Magic
 20303 | D:11     | Found Dijawit's Armour Shoppe.
 20551 | D:11     | Found a staircase to the Orcish Mines.
 20857 | D:11     | Noticed Erica
 20862 | D:11     | Killed Erica
 21085 | D:11     | Bought a scroll of enchant armour for 75 gold pieces
 21097 | Orc:1    | Entered Level 1 of the Orcish Mines
 21345 | Orc:2    | Entered Level 2 of the Orcish Mines
 21768 | Orc:2    | Found a staircase to the Elven Halls.
 21783 | Orc:1    | Reached XP level 15. HP: 90/117 MP: 28/31
 22196 | Orc:2    | Found Jiav's CLEARANCE SALE!.
 23086 | Orc:2    | Found Hareah's Antique Weapon Boutique.
 23086 | Orc:2    | Found Mosefuaxt's Distillery.
 23088 | Orc:2    | Found Ythrur's Magic Scroll Boutique.
 23088 | Orc:2    | Found Urchitz's Jewellery Emporium.
 23099 | Orc:2    | Bought a potion of haste for 170 gold pieces
 23099 | Orc:2    | Bought a potion of heal wounds for 85 gold pieces
 23099 | Orc:2    | Bought a potion of brilliance for 68 gold pieces
 23099 | Orc:2    | Bought a potion of enlightenment for 85 gold pieces
 23099 | Orc:2    | Bought a potion of resistance for 170 gold pieces
 23102 | Orc:2    | Bought a scroll of enchant armour for 90 gold pieces
 24063 | D:12     | Noticed Urug
 24070 | D:12     | Identified the +0 plate armour of Azorutuc {-Tele Int+9
                  | SInv Stlth-}
 24141 | D:12     | Found the +0 toga "Victory" {*Victory Clar}
 24190 | D:12     | Killed Urug
 25816 | D:13     | Reached skill level 5 in Throwing
 27173 | D:13     | Found a gate to the Vaults.
 27211 | D:13     | Bought a runed scarf for 272 gold pieces
 27211 | D:13     | Bought a glowing helmet for 255 gold pieces
 27211 | D:13     | Bought a pair of runed gloves for 255 gold pieces
 27211 | D:13     | Bought a runed helmet for 255 gold pieces
 28158 | D:14     | Noticed Rupert
 28158 | D:14     | Noticed Kirke
 28163 | D:14     | Killed Kirke
 28164 | D:14     | Reached skill level 5 in Earth Magic
 28224 | D:14     | Learned a level 6 spell: Plasma Beam
 28232 | D:14     | Learned a level 6 spell: Starburst
 28419 | D:14     | Reached XP level 16. HP: 127/127 MP: 33/33
 28690 | D:14     | Identified the ring of Xuocut {rF+ rC+ Str+6 Int-5}
 28693 | D:14     | Reached skill level 5 in Air Magic
 28785 | D:14     | Noticed Azrael
 28928 | D:14     | Killed Rupert
 29101 | D:14     | Killed Azrael
 29497 | D:15     | Entered Level 15 of the Dungeon
 29577 | D:15     | Reached skill level 5 in Ice Magic
 30446 | D:15     | Found a staircase to the Depths.
 31625 | Swamp:1  | Entered Level 1 of the Swamp
 32153 | Swamp:1  | Identified the +0 ring mail of the Moon {Str+3}
 32168 | Swamp:1  | You fall into a shaft and drop 1 floor!
 32636 | Swamp:2  | Reached skill level 1 in Staves
 34421 | Swamp:3  | Noticed a tentacled monstrosity
 34422 | Swamp:3  | Found a runed translucent gate.
 34422 | Swamp:3  | Found a runed translucent gate.
 34422 | Swamp:3  | Found a runed translucent gate.
 34422 | Swamp:3  | Noticed a tentacled monstrosity
 34422 | Swamp:3  | Noticed Silenth's ghost (adept KoHu)
 34582 | Swamp:3  | Reached XP level 17. HP: 101/133 MP: 21/34
 34984 | Swamp:3  | Noticed a tentacled monstrosity
 35850 | Swamp:4  | Entered Level 4 of the Swamp
 38027 | Swamp:4  | Noticed Nikola
 38032 | Swamp:4  | Killed Nikola
 39617 | Swamp:4  | Got a decaying rune of Zot
 39662 | Swamp:4  | Learned a level 5 spell: Fireball
 40484 | Spider:1 | Entered Level 1 of the Spider Nest
 40603 | D:11     | Bought the amulet of Ipekaj {RegenMP Will- Int+4 Dex+6
                  | SInv} for 580 gold pieces
 41084 | D:10     | Reached XP level 18. HP: 137/140 MP: 30/36
 41129 | D:10     | Acquired the +3 Elemental Staff {ele, rElec rF+ rC+ AC+3}
 41129 | D:10     | Found the +3 Elemental Staff {ele, rElec rF+ rC+ AC+3}
 41146 | D:10     | Identified the +1 helmet of Xiafie {Str-4 Int+9 Dex+2}
 41253 | D:9      | Bought the +1 robe of Vines {NoPotionHeal Regen++++} for
                  | 2000 gold pieces
 41253 | D:9      | Found the +1 robe of Vines {NoPotionHeal Regen++++}
 41369 | Spider:1 | Noticed Asterion
 41382 | Spider:1 | Killed Asterion
 41469 | Spider:1 | Reached skill level 15 in Spellcasting
 44429 | Spider:3 | Noticed Bai Suzhen
 44442 | Spider:3 | Killed Bai Suzhen
 44650 | Spider:3 | Identified the +2 war axe of Ignis's Benevolence {freeze,
                  | rC+ rN+}
 45364 | Spider:4 | Entered Level 4 of the Spider Nest
 45791 | Spider:4 | Reached skill level 15 in Fire Magic
 46110 | Spider:4 | Reached XP level 19. HP: 147/147 MP: 9/38
 46872 | Spider:4 | Got a gossamer rune of Zot
 47045 | Spider:4 | Reached skill level 5 in Staves
 47050 | Spider:4 | Reached skill level 10 in Evocations
 47692 | Swamp:3  | Killed Silenth's ghost
 47694 | Swamp:3  | Killed a tentacled monstrosity
 47760 | Swamp:3  | Killed a tentacled monstrosity
 47779 | Swamp:3  | Killed a tentacled monstrosity
 48140 | Elf:1    | Entered Level 1 of the Elven Halls
 48168 | Orc:2    | Bought the ring "Onweu" {rN+ Str+4 Int+6} for 722 gold
                  | pieces
 48203 | Elf:1    | Reached skill level 10 in Air Magic
 49417 | Elf:2    | Found Fur Xux's Armour Shoppe.
 49422 | Elf:2    | Found Pevu's Armour Shoppe.
 49669 | Elf:2    | Found a huge runed translucent gate.
 49669 | Elf:2    | Found a huge runed translucent gate.
 49669 | Elf:2    | Found a huge runed translucent gate.
 49669 | Elf:2    | Found a huge runed translucent gate.
 49671 | Elf:2    | Found a huge runed translucent gate.
 49764 | Elf:2    | Identified the +0 dagger of a Gauntlet {drain, rPois rN+
                  | Str+4 Dex+3}
 49938 | Elf:2    | Reached skill level 10 in Earth Magic
 49938 | Elf:2    | Reached XP level 20. HP: 154/154 MP: 28/40
 50662 | Elf:3    | Entered Level 3 of the Elven Halls
 50945 | Elf:3    | Reached skill level 10 in Shields
 51032 | Elf:3    | Identified the +4 quarterstaff of the Leaping Seeker
                  | {spect, Dex+3}
 51658 | Elf:3    | Identified the +8 whip "Zoblokko" {antimagic, ^Fragile rF+
                  | rN+}
 51658 | Elf:3    | Identified the +9 scale mail of the Wild Haggis {rF+ Str+4
                  | Dex-5}
 52394 | Elf:3    | Got Latam's Cyclopedia of Mutagenic Bringing Forth
 52397 | Elf:3    | Identified the beast talisman of the Eternal Fruit {Will+}
 52536 | Elf:3    | Identified the +1 longbow "Taruih" {freeze, rC- Int+5}
 52544 | Elf:3    | Identified the staff "Kuekomusou" {rF+ rC+ Dex+2 Ice}
 53057 | D:13     | Bought the ring "Vassa" {rPois Will++ Str-5 Dex+2} for 485
                  | gold pieces
 53071 | Vaults:1 | Entered Level 1 of the Vaults
 53262 | Vaults:1 | Learned a level 5 spell: Yara's Violent Unravelling
 53335 | Vaults:1 | Reached skill level 1 in Alchemy
 53385 | Vaults:1 | Reached XP level 21. HP: 162/162 MP: 20/41
 54026 | Vaults:1 | Identified the +4 flail "Buete" {vamp, rPois Str-2 Dex+3}
 54623 | Vaults:2 | Found a crumbling gateway.
 54658 | Desolati | Entered the Desolation of Salt
 55298 | Desolati | Identified the ring of Generosity {Fire rN++}
 55871 | Desolati | Got Sif Muna's Incunabulum of Spellbinding Venom
 56059 | Desolati | Identified the amulet "Basuol" {Acrobat Dex+3}
 56061 | Desolati | Identified the ring "Yha Dyd" {+Blink Fly Str-5 Dex+6}
 56095 | Desolati | Identified the ring "Ettita Badi" {rPois Will+ Int-4 Dex+3
                  | SInv}
 56479 | Vaults:2 | Reached skill level 10 in Dodging
 57357 | Vaults:2 | Reached skill level 5 in Alchemy
 58066 | Vaults:3 | Reached XP level 22. HP: 169/169 MP: 31/43
 58495 | Vaults:3 | Reached skill level 5 in Hexes
 59560 | Vaults:3 | Found Qacruf's Armour Shop.
 59839 | Vaults:3 | Found a staircase to the Crypt.
 59839 | Vaults:3 | Found an ancient bone altar of Kikubaaqudgha.
 59839 | Vaults:3 | Found a basalt altar of Yredelemnul.
 59857 | Vaults:3 | Bought a pair of embroidered gloves for 345 gold pieces
 59870 | Vaults:3 | Bought a runed cloak for 345 gold pieces
 61764 | Vaults:4 | Reached XP level 23. HP: 175/175 MP: 38/45
 62073 | Crypt:1  | Entered Level 1 of the Crypt
 64347 | Crypt:3  | Entered Level 3 of the Crypt
 64504 | Crypt:3  | Reached skill level 10 in Ice Magic
 65406 | Crypt:3  | Found a staircase to the Tomb.
 65490 | Crypt:3  | Noticed an ancient lich
 65581 | Crypt:3  | Killed an ancient lich
 65621 | Crypt:3  | Noticed an ancient lich
 65661 | Crypt:3  | Killed an ancient lich
 65664 | Crypt:3  | Identified the ring "Zuntarua" {*Slow +Blink rPois Int+6}
 65666 | Crypt:3  | Identified the staff of Beeted Umuuz {rF+ Dex+4 Fire}
 65680 | Crypt:3  | Learned a level 5 spell: Arcjolt
 65799 | Tomb:1   | Entered Level 1 of the Tomb of the Ancients
 65866 | Tomb:1   | Learned a level 7 spell: Ozocubu's Refrigeration
 66207 | Tomb:1   | Reached XP level 24. HP: 107/183 MP: 40/46
 66513 | Tomb:1   | Noticed a royal mummy
 66592 | Tomb:1   | Killed a royal mummy
 66769 | Tomb:1   | Noticed a royal mummy
 66774 | Tomb:1   | Killed a royal mummy
 66949 | Tomb:1   | Noticed a royal mummy
 66953 | Tomb:1   | Killed a royal mummy
 67648 | Vaults:5 | Entered Level 5 of the Vaults
 67898 | Vaults:5 | Noticed an ancient lich
 67969 | Vaults:5 | Killed an ancient lich
 68150 | Vaults:5 | Identified the +1 robe of the Sun {rC+ rN+}
 68205 | Vaults:5 | Identified the amulet of Hucithryic {rC+ Regen+ Str+4
                  | Int+3}
 68482 | Vaults:5 | Identified the +8 orcbow of Zosi {flame, Str+2}
 68597 | Vaults:5 | Identified the ring of Muthryoxt {rElec rN++ Will+ Str-4
                  | Dex+6}
 68604 | Vaults:5 | Noticed an ancient lich
 68609 | Vaults:5 | Killed an ancient lich
 68872 | Vaults:5 | Identified the +9 sling of Kismet {antimagic, Fly rN+
                  | Int-2}
 69141 | Vaults:5 | Reached XP level 25. HP: 189/189 MP: 10/46
 69245 | Vaults:5 | Got the Codex of Excavation
 69248 | Vaults:5 | Identified the +2 leather armour of Baldness {Int+3}
 69251 | Vaults:5 | Identified the serpent talisman "Igiavatz" {*Slow Fly rN+
                  | Int+2}
 69376 | Vaults:5 | Noticed a dread lich
 69385 | Vaults:5 | Killed a dread lich
 69512 | Vaults:5 | Noticed a dread lich
 69516 | Vaults:5 | Killed a dread lich
 69908 | Vaults:5 | Got a silver rune of Zot
 69909 | Vaults:5 | Identified the staff of Tuicvax {rElec MP+9 Int+5 Dex-2 Air
                  | Alchemy}
 70463 | Vaults:5 | Identified the +10 scimitar "Enteasom" {pain, rN+ Stlth+}
 70695 | D:13     | Bought a wand of roots (3) for 216 gold pieces
 70695 | D:13     | Bought a scroll of fear for 120 gold pieces
 70772 | Depths:1 | Entered Level 1 of the Depths
 70795 | Depths:1 | Noticed Sojobo
 70862 | Depths:1 | Paralysed by an air elemental for 1 turns
 70865 | Depths:1 | Killed Sojobo
 71049 | Depths:1 | Found a gateway to Hell.
 71052 | Depths:1 | Found a one-way gate leading to the halls of Pandemonium.
 71055 | Hell     | Entered the Vestibule of Hell
 71055 | Hell     | Noticed Geryon
 71063 | Hell     | Killed Geryon
 71225 | Depths:1 | Noticed the Enchantress
 71239 | D:15     | Killed the Enchantress
 71921 | Hell     | Found a gateway to the freezing wastes of Cocytus.
 72148 | Hell     | Found a gateway to the ashen valley of Gehenna.
 72291 | Hell     | Found a gateway to the Iron City of Dis.
 72413 | Hell     | Found a gateway to the decaying netherworld of Tartarus.
 72424 | Tar:1    | Entered Level 1 of Tartarus
 73170 | Tar:2    | Reached XP level 26. HP: 196/196 MP: 26/47
 74085 | Coc:1    | Entered Level 1 of Cocytus
 74207 | Coc:1    | You fall into a shaft and drop 1 floor!
 74215 | Coc:2    | Noticed a shard shrike
 74217 | Coc:2    | Killed a shard shrike
 74227 | Coc:2    | Noticed a shard shrike
 74230 | Coc:2    | Noticed a shard shrike
 74233 | Coc:2    | Killed a shard shrike
 74234 | Coc:2    | Killed a shard shrike
 74247 | Coc:2    | Noticed an ancient lich
 74249 | Coc:2    | Noticed a shard shrike
 74261 | Coc:2    | Killed a shard shrike
 74265 | Coc:2    | Killed an ancient lich
 74266 | Coc:2    | Reached skill level 15 in Air Magic
 74611 | Coc:4    | Reached skill level 15 in Conjurations
 74763 | Coc:5    | Noticed an ancient lich
 74966 | D:6      | Bought Yteoh's Disquisition on the Impact for 198 gold
                  | pieces
 75062 | D:9      | Bought a manual of Shields for 1040 gold pieces
 75345 | Depths:1 | Found Letreo's Tremendous Tomes.
 75356 | Depths:1 | Bought the Lectures on the Misty Arsonist for 1644 gold
                  | pieces
 75368 | Depths:1 | Learned a level 8 spell: Ignition
 75378 | Depths:1 | Noticed Norris
 75382 | Depths:1 | Killed Norris
 75552 | Depths:1 | Found Qyte's Jewellery Shop.
 75552 | Depths:1 | Found Bextusuy's Armour Boutique.
 75641 | Depths:1 | Found a one-way gate to the infinite horrors of the Abyss.
 75690 | Depths:1 | Found a broken altar of Ashenzari.
 75746 | Depths:2 | Reached skill level 15 in Shields
 76183 | Depths:2 | Noticed Boris
 76312 | Depths:2 | Killed Boris
 76428 | Depths:2 | Found a sparkling altar of Nemelex Xobeh.
 76590 | Depths:2 | Reached XP level 27. HP: 205/205 MP: 40/48
 77439 | Depths:3 | Found a runed translucent gate.
 77439 | Depths:3 | Found a runed translucent gate.
 77439 | Depths:3 | Found a runed translucent gate.
 77643 | Depths:3 | Noticed Polaczum's ghost (adept TrMo)
 78234 | Depths:4 | Entered Level 4 of the Depths
 78236 | Depths:4 | Noticed Grunn
 78441 | Depths:4 | Killed Grunn
 78623 | Depths:4 | Found a radiant altar of Vehumet.
 78630 | Depths:4 | Found Qaopinod's Book Shop.
 78793 | Depths:4 | Found a one-way gateway to a ziggurat.
 78928 | Depths:4 | Found Wymuimog's Jewellery Boutique.
 78943 | Depths:4 | Noticed Margery
 78951 | Depths:4 | Killed Margery
 79627 | Depths:4 | Found a gate to the Realm of Zot.
 79749 | Depths:3 | Voluntarily entered the Abyss.
 79811 | Abyss:1  | Found a corrupted altar of Lugonu.
 79866 | Abyss:1  | Found a corrupted altar of Lugonu.
 79904 | Abyss:2  | Found a corrupted altar of Lugonu.
 79922 | Abyss:2  | Found a corrupted altar of Lugonu.
 79930 | Abyss:2  | Found a corrupted altar of Lugonu.
 80250 | Depths:3 | Escaped the Abyss
 80298 | Depths:3 | Voluntarily entered the Abyss.
 80467 | Depths:3 | Escaped the Abyss
 80515 | Depths:3 | Voluntarily entered the Abyss.
 80597 | Abyss:3  | Found a corrupted altar of Lugonu.
 80749 | Abyss:3  | Found a corrupted altar of Lugonu.
 80830 | Abyss:3  | Found a corrupted altar of Lugonu.
 80837 | Abyss:3  | Found a corrupted altar of Lugonu.
 80893 | Depths:3 | Escaped the Abyss
 80942 | Depths:3 | Voluntarily entered the Abyss.
 81174 | Depths:3 | Escaped the Abyss
 81247 | Depths:3 | Voluntarily entered the Abyss.
 81544 | Abyss:3  | Noticed an ancient lich
 81551 | Abyss:3  | Killed an ancient lich
 81694 | Depths:3 | Escaped the Abyss
 81766 | Depths:3 | Voluntarily entered the Abyss.
 81769 | Abyss:3  | Reached skill level 5 in Fighting
 81786 | Abyss:3  | Found a corrupted altar of Lugonu.
 81814 | Abyss:3  | Got an abyssal rune of Zot
 81937 | Abyss:3  | Found a corrupted altar of Lugonu.
 82055 | Depths:3 | Escaped the Abyss
 82154 | Zot:1    | Entered Level 1 of the Realm of Zot
 82837 | Zot:1    | Noticed an ancient lich
 83406 | Zot:1    | Killed an ancient lich
 83580 | Zot:1    | You fall into a shaft and drop 1 floor!
 83586 | Zot:2    | Noticed Vv
 83945 | Zot:2    | Noticed an orb of fire
 83947 | Zot:2    | Gained mutation: You are weak. (Str -2) [an orb of fire]
 83949 | Zot:2    | Killed an orb of fire
 84139 | Zot:2    | Reached skill level 15 in Earth Magic
 84596 | Zot:2    | Found the +4 dragonskin cloak
 84596 | Zot:2    | Noticed Tiamat
 84651 | Zot:2    | Learned a level 4 spell: Iskenderun's Mystic Blast
 84660 | Zot:2    | Learned a level 8 spell: Lehudib's Crystal Spear
 85123 | Zot:2    | Killed Tiamat
 85382 | Zot:2    | Killed Vv
 85594 | Zot:3    | Reached skill level 15 in Ice Magic
 85661 | Zot:3    | Noticed Parghit
 85728 | Zot:3    | Killed Parghit
 86836 | Zot:3    | Found a transporter.
 87992 | Zot:5    | Entered Level 5 of the Realm of Zot
 88157 | Zot:5    | Found a runed translucent door.
 88163 | Zot:5    | Noticed Toelubet's ghost (veteran CeHu)
 88660 | Zot:5    | Noticed an ancient lich
 88663 | Zot:5    | Killed an ancient lich
 88804 | Zot:5    | Noticed an orb of fire
 88851 | Zot:5    | Noticed an ancient lich
 88851 | Zot:5    | Noticed an ancient lich
 88865 | Zot:5    | Killed an ancient lich
 88900 | Zot:5    | Killed an ancient lich
 88959 | Zot:5    | Noticed a dread lich
 88963 | Zot:5    | Killed a dread lich
 89005 | Zot:5    | Noticed an ancient lich
 89007 | Zot:5    | Killed an ancient lich
 89116 | Zot:5    | Noticed an orb of fire
 89208 | Zot:5    | Killed an orb of fire
 89211 | Zot:5    | Gained mutation: Your magical capacity is low. (-10% MP)
                  | [an orb of fire]
 89217 | Zot:5    | Killed an orb of fire
 89283 | Zot:5    | Noticed an ancient lich
 89288 | Zot:5    | Killed an ancient lich
 89361 | Zot:5    | Noticed an ancient lich
 89368 | Zot:5    | Killed an ancient lich
 89470 | Zot:5    | Noticed a dread lich
 89474 | Zot:5    | Killed a dread lich
 89665 | Zot:5    | Noticed an orb of fire
 89676 | Zot:5    | Killed an orb of fire
 90399 | Zot:5    | Paralysed by a Zot trap for 3 turns
 90556 | Zot:5    | Killed Toelubet's ghost
 90887 | Hell     | Lost mutation: Your magical capacity is low. (-10% MP)
                  | [potion of mutation]
 90887 | Hell     | Lost mutation: You are weak. (Str -2) [potion of mutation]
 90887 | Hell     | Gained mutation: You can exhale a cloud of poison. [potion
                  | of mutation]
 90887 | Hell     | Gained mutation: You are partially covered in iridescent
                  | scales. (AC +2) [potion of mutation]
 90887 | Hell     | Gained mutation: You expend magic power (3 MP) to
                  | strengthen your wands. [potion of mutation]
 90888 | Hell     | Lost mutation: You are partially covered in iridescent
                  | scales. (AC +2) [potion of mutation]
 90888 | Hell     | Lost mutation: You expend magic power (3 MP) to strengthen
                  | your wands. [potion of mutation]
 90888 | Hell     | Gained mutation: You are frail. (-10% HP) [potion of
                  | mutation]
 90889 | Hell     | Lost mutation: You can exhale a cloud of poison. [potion of
                  | mutation]
 90889 | Hell     | Lost mutation: You are frail. (-10% HP) [potion of
                  | mutation]
 90889 | Hell     | Gained mutation: Your spells are a little harder to cast,
                  | but a little more powerful. [potion of mutation]
 91503 | Coc:5    | Killed an ancient lich
 91972 | Coc:6    | Paralysed by a wendigo for 1 turns
 92212 | Coc:7    | Entered Level 7 of Cocytus
 93171 | Coc:7    | Noticed Antaeus
 93205 | Coc:7    | Killed Antaeus
 93356 | Coc:7    | Got an icy rune of Zot
 93875 | Coc:7    | Paralysed by a wendigo for 1 turns
 94060 | Coc:7    | Identified the ring "Dohirez" {rC++ EV+5 Int+3 Dex-3
                  | Stlth+}
 95504 | Coc:7    | Identified the +1 robe of Springtime {Harm rC+ Dex-2
                  | Slay+5}
 95987 | Depths:3 | Killed Polaczum's ghost
 96215 | Slime:1  | Entered Level 1 of the Pits of Slime
 96695 | Slime:2  | Noticed Dissolution
 96697 | Slime:2  | Killed Dissolution
 98408 | Slime:5  | Entered Level 5 of the Pits of Slime
 98578 | Slime:5  | Noticed the Royal Jelly
 98584 | Slime:5  | Killed the Royal Jelly
 99011 | Slime:5  | Found the ring of Shadows {Umbra +Inv Stlth+}
 99012 | Slime:5  | Found the +2 hood of the Assassin {Detect Stab+ Stlth++}
 99201 | Slime:5  | Identified the +9 long sword of the Augurer {heavy, Dex+9}
 99255 | Slime:5  | Identified the +9 hand axe of Tyqirus {flame, rF- Str-2
                  | Int+4 Dex+4}
 99261 | Slime:5  | Identified the +0 chain mail of the Ancient Emperors {rN++
                  | rCorr Stlth-}
 99309 | Slime:5  | Got a slimy rune of Zot
 99310 | Slime:5  | Identified the staff of Ru's Approval {rPois rN+ Will+
                  | Str-2 Necro Earth}
 99968 | D:9      | Bought a +1 pair of gloves of hurling for 181 gold pieces
100165 | D:5      | Fell from the grace of Gozag
100165 | D:5      | Became a worshipper of Zin the Law-Giver
100165 | D:5      | Reached * piety under Zin
100165 | D:5      | Reached ** piety under Zin
100471 | Pan      | Entered Pandemonium
100472 | Pan      | Noticed Xoirel the pandemonium lord
100482 | Pan      | Killed Xoirel the pandemonium lord
100483 | Pan      | Reached skill level 1 in Invocations
100536 | Pan      | Reached *** piety under Zin
100589 | Pan      | Gained mutation: You occasionally shout uncontrollably at
                  | your foes. [a neqoxec]
101179 | Pan      | Reached **** piety under Zin
101224 | Pan      | Reached skill level 27 in Spellcasting
101275 | Pan      | Noticed Xuan the pandemonium lord
101531 | Pan      | Killed Xuan the pandemonium lord
101789 | Pan      | Reached ***** piety under Zin
101900 | Pan      | Found a runed translucent door.
102160 | Pan      | Reached skill level 5 in Invocations
102174 | Pan      | Got a demonic rune of Zot
103171 | Pan      | Noticed Tausseuh the pandemonium lord
103181 | Pan      | Killed Tausseuh the pandemonium lord
104091 | Pan      | Found an exit through the horrors of the Abyss.
104409 | Pan      | Noticed Deysm the pandemonium lord
104418 | Pan      | Killed Deysm the pandemonium lord
105001 | Pan      | Noticed Uckusyus the pandemonium lord
105007 | Pan      | Killed Uckusyus the pandemonium lord
105116 | Pan      | Found an exit through the horrors of the Abyss.
105156 | Pan      | Reached ****** piety under Zin
105683 | Pan      | Found an exit through the horrors of the Abyss.
105794 | Pan      | Noticed Ignacio
105799 | Pan      | Killed Ignacio
106265 | Pan      | Noticed Wimep the pandemonium lord
106271 | Pan      | Killed Wimep the pandemonium lord
107289 | Pan      | Reached skill level 10 in Invocations
107540 | Pan      | Noticed Wocwioto the pandemonium lord
108080 | Pan      | Was forgiven by Gozag
108114 | Pan      | Killed Wocwioto the pandemonium lord
108223 | Pan      | Learned a level 9 spell: Fire Storm
108330 | Pan      | Lost mutation: Your spells are a little harder to cast, but
                  | a little more powerful. [potion of mutation]
108330 | Pan      | Lost mutation: You occasionally shout uncontrollably at
                  | your foes. [potion of mutation]
108641 | Pan      | Found a runed translucent door.
108658 | Pan      | Found a runed translucent door.
108660 | Pan      | Noticed Lalikos the pandemonium lord
108926 | Pan      | Found an exit through the horrors of the Abyss.
109000 | Pan      | Found a runed translucent door.
109285 | Pan      | Found a runed translucent door.
109526 | Pan      | Killed Lalikos the pandemonium lord
109594 | Pan      | Identified the +6 morningstar of Xil Oniw {chaos, Int+4}
109758 | Pan      | Found a transporter.
110605 | Pan      | Found a transporter.
110613 | Pan      | Identified the ring of Crawling {rPois Dex+3}
110630 | Pan      | Identified the ring of Otoupnebb {rPois Will+ rCorr Dex+5}
110702 | Pan      | Entered the realm of Cerebov.
110807 | Pan      | Found an exit through the horrors of the Abyss.
111132 | Pan      | Identified the +4 flail of Slow Death {flame, ^Contam Str+8
                  | Int-3 Stlth+}
111220 | Pan      | Identified the staff of Untruth {rElec Will+ Str+2 Dex+3
                  | Air}
111247 | Pan      | Identified the +9 short sword of Midnight {drain, rF++
                  | Will+ MP-9}
111249 | Pan      | Identified the staff of Mamer {SInv Earth Alchemy}
111308 | Pan      | Identified the +6 demon blade of Fee Simple {venom, *Rage
                  | Str+2 Dex+3}
111308 | Pan      | Identified the +1 robe of the Leaf {rCorr}
111322 | Pan      | Found the +6 sword of Cerebov {flame}
111322 | Pan      | Noticed Cerebov
111728 | Pan      | Killed Cerebov
111737 | Pan      | Got a fiery rune of Zot
111747 | Pan      | Identified the +4 short sword of the Six Mystics {pain,
                  | +Blink rF- Dex+2}
111757 | Pan      | Identified the +6 orcbow of Mutilation {drain, rF+ Str+4
                  | Int-4}
111860 | Pan      | Found a corrupted altar of Lugonu.
111962 | Pan      | Noticed Kiggo the pandemonium lord
112131 | Pan      | Found an exit through the horrors of the Abyss.
112557 | Pan      | Killed Kiggo the pandemonium lord
113023 | Pan      | Entered the realm of Gloorx Vloq.
113485 | Pan      | Found an exit through the horrors of the Abyss.
114134 | Pan      | Noticed Gloorx Vloq
114139 | Pan      | Killed Gloorx Vloq
114157 | Pan      | Got a dark rune of Zot
114328 | Pan      | Entered the realm of Mnoleg.
114879 | Pan      | Found an exit through the horrors of the Abyss.
115049 | Pan      | Reached skill level 27 in Fire Magic
115334 | Pan      | Noticed Mnoleg
115346 | Pan      | Killed Mnoleg
115872 | Pan      | Got a glowing rune of Zot
116051 | Pan      | Entered the realm of Lom Lobon.
116783 | Pan      | Found an exit through the horrors of the Abyss.
117286 | Pan      | Noticed Lom Lobon
117293 | Pan      | Killed Lom Lobon
117298 | Pan      | Got a magical rune of Zot
117901 | Pan      | Found an exit through the horrors of the Abyss.
117983 | Pan      | Identified the +6 battleaxe of the Blushing Gods {drain,
                  | Str+3}
118051 | Pan      | Noticed Jeotaez the pandemonium lord
118072 | Pan      | Killed Jeotaez the pandemonium lord
118567 | Pan      | Found an exit through the horrors of the Abyss.
118679 | Pan      | Noticed Neacw the pandemonium lord
118922 | Pan      | Killed Neacw the pandemonium lord
119643 | Pan      | Reached skill level 10 in Staves
119649 | Pan      | Noticed Papod the pandemonium lord
119659 | Pan      | Killed Papod the pandemonium lord
120089 | Pan      | Reached skill level 10 in Throwing
120454 | Pan      | Noticed Ixetturu the pandemonium lord
120461 | Pan      | Found an exit through the horrors of the Abyss.
120671 | Pan      | Killed Ixetturu the pandemonium lord
121326 | Pan      | Found an exit through the horrors of the Abyss.
121408 | Pan      | Noticed Vybeacs Ceog the pandemonium lord
121418 | Pan      | Identified the amulet "Raweited" {RegenMP rN+ Will+ Int+3}
121632 | Pan      | Killed Vybeacs Ceog the pandemonium lord
122532 | Pan      | Noticed Ulufrua the pandemonium lord
122537 | Pan      | Killed Ulufrua the pandemonium lord
122624 | Depths:1 | Escaped Pandemonium
122753 | Depths:1 | Bought Sif Muna's Folio of the Contaminated Fjord for 1120
                  | gold pieces
122766 | Depths:1 | Learned a level 9 spell: Polar Vortex
122777 | Depths:1 | Learned a level 9 spell: Shatter
122834 | Dis:1    | Entered Level 1 of the Iron City of Dis
124091 | Dis:5    | Noticed an ancient lich
124096 | Dis:5    | Killed an ancient lich
124391 | Dis:5    | Noticed a dread lich
124394 | Dis:5    | Killed a dread lich
124580 | Dis:5    | Reached skill level 15 in Dodging
124859 | Dis:6    | Reached skill level 15 in Invocations
125027 | Dis:7    | Entered Level 7 of the Iron City of Dis
125500 | Dis:7    | Noticed a juggernaut
125503 | Dis:7    | Killed a juggernaut
126336 | Dis:7    | Found the +8 storm bow {elec, penet}
126339 | Dis:7    | Identified the +6 lajatang "Ecaawnoi" {antimagic, rPois
                  | Will+}
126340 | Dis:7    | Identified the +4 quarterstaff of Zerpho {speed, rElec
                  | rPois Int-4 Dex-3}
126392 | Dis:7    | Noticed a juggernaut
126394 | Dis:7    | Killed a juggernaut
126610 | Dis:7    | Noticed the Serpent of Hell
126619 | Dis:7    | Killed the Serpent of Hell
127312 | Dis:7    | Noticed Dispater
127320 | Dis:7    | Killed Dispater
127383 | Dis:7    | Identified the granite talisman of Irghihema {rF+ Dex-4
                  | SInv}
127406 | Dis:7    | Got an iron rune of Zot
127488 | Dis:7    | Noticed a juggernaut
127491 | Dis:7    | Killed a juggernaut
127607 | Geh:1    | Entered Level 1 of Gehenna
128296 | Geh:3    | You fall into a shaft and drop 2 floors!
128948 | Geh:7    | Entered Level 7 of Gehenna
129127 | Geh:7    | Noticed a dread lich
129130 | Geh:7    | Killed a dread lich
129746 | Geh:7    | Identified the ring "Dewkum" {^Contam Fly rElec rF+ Dex+3}
130024 | Geh:7    | Identified the +5 hand axe of the Skies Above {flame,
                  | Will+}
130063 | Geh:7    | Found the +13 sceptre of Asmodeus
130063 | Geh:7    | Noticed Asmodeus
130073 | Geh:7    | Killed Asmodeus
130086 | Geh:7    | Got an obsidian rune of Zot
130088 | Geh:7    | Identified the staff "Akohosu" {^Contam rPois rN+ Summ
                  | Alchemy}
130090 | Geh:7    | Identified the granite talisman of Giem Wur {rN++ Int+9
                  | Dex-3 Slay-2}
131951 | Tar:7    | Entered Level 7 of Tartarus
131954 | Tar:7    | Noticed an ancient lich
131957 | Tar:7    | Killed an ancient lich
132083 | Tar:7    | Noticed a dread lich
132090 | Tar:7    | Killed a dread lich
132393 | Tar:7    | Noticed a dread lich
132397 | Tar:7    | Killed a dread lich
132693 | Tar:7    | Identified the ring of Varaargh {rF- rN+ Dex+4}
132855 | Tar:7    | Identified the staff of Discord {Will+ MP+9 Str+2 Int+3
                  | Earth}
132860 | Tar:7    | Identified the +2 shortbow "Cuihiene" {freeze, Will+ Str+2
                  | Int+3}
133138 | Tar:7    | Identified the +10 flail of Ravyden {spect, *Corrode rPois
                  | rF+ Int+4}
133140 | Tar:7    | Identified the ring "Diachog" {Fly Int+2 Dex-4 SInv}
133395 | Tar:7    | Noticed Ereshkigal
133404 | Tar:7    | Killed Ereshkigal
133458 | Tar:7    | Got a bone rune of Zot
133719 | Orc:2    | Bought a scroll of teleportation for 36 gold pieces
133719 | Orc:2    | Bought a scroll of teleportation for 36 gold pieces
133719 | Orc:2    | Bought 2 scrolls of poison for 96 gold pieces
133758 | Orc:2    | Bought a scroll of immolation for 20 gold pieces
133758 | Orc:2    | Bought a potion of mutation for 40 gold pieces
133795 | Orc:2    | Bought a potion of brilliance for 68 gold pieces
133795 | Orc:2    | Bought a potion of enlightenment for 85 gold pieces
133795 | Orc:2    | Bought a potion of curing for 51 gold pieces
133795 | Orc:2    | Bought a potion of magic for 136 gold pieces
133903 | D:9      | Bought a scroll of immolation for 60 gold pieces
134114 | Zig:1    | Entered Level 1 of a ziggurat
134133 | Zig:2    | Entered Level 2 of a ziggurat
134161 | Zig:3    | Entered Level 3 of a ziggurat
134224 | Zig:4    | Entered Level 4 of a ziggurat
134249 | Zig:4    | Identified the +1 quarterstaff "Yruufed" {heavy, Int+6}
134252 | Zig:5    | Entered Level 5 of a ziggurat
134302 | Zig:6    | Entered Level 6 of a ziggurat
134322 | Zig:6    | Found the +3 salamander hide armour {Flames, rFlCloud rF++
                  | rC--}
134332 | Zig:6    | Identified the +2 cloak "Acwex" {Dex+2 SInv Stlth-}
134333 | Zig:6    | Identified the +0 plate armour of Unreason {Fly Regen+
                  | Str-4}
134334 | Zig:6    | Identified the ring of Sonuso Kore {Str+6 Int+3}
134343 | Zig:6    | Identified the +0 ring mail of the Big Bang {-Tele Fly rC+
                  | Dex+5}
134344 | Zig:6    | Identified the +1 robe "Iwyph" {rF+ Str+4 SInv}
134359 | Zig:7    | Entered Level 7 of a ziggurat
134413 | Zig:8    | Entered Level 8 of a ziggurat
134420 | Zig:8    | Noticed Hahul the pandemonium lord
134420 | Zig:8    | Killed Hahul the pandemonium lord
134434 | Zig:8    | Identified the ring "Lotyq" {rF+ rC+ MP+9 Dex+6 SInv}
134514 | Zig:9    | Entered Level 9 of a ziggurat
134526 | Zig:9    | Noticed a royal mummy
134528 | Zig:9    | Noticed a royal mummy
134531 | Zig:9    | Killed a royal mummy
134532 | Zig:9    | Killed a royal mummy
134552 | Zig:9    | Got the Codex of Lithic Bolts
134561 | Zig:9    | Identified the +9 dagger of Puefirir {antimagic, +Blink rF+
                  | Will+ Dex+3}
134563 | Zig:9    | Got the Lectures on the Mountains
134572 | Zig:9    | Identified the +4 orcbow "Ummapn" {heavy, rN+++}
134585 | Zig:10   | Entered Level 10 of a ziggurat
134591 | Zig:10   | Found the +6 Majin-Bo {spellvamp, MP+6 Int+6}
134658 | Zig:10   | Identified the amulet of Selulu {RegenMP Rampage Will+
                  | Dex+3}
134704 | Zig:10   | Identified the +5 shortbow of Bodily Harmony {elec, rElec
                  | Dex-4 SInv}
134731 | Zig:11   | Entered Level 11 of a ziggurat
134738 | Zig:11   | Noticed a dread lich
134741 | Zig:11   | Killed a dread lich
134747 | Zig:11   | Noticed a dread lich
134750 | Zig:11   | Killed a dread lich
134820 | Zig:11   | Identified the ring of Discord {Dex+6 Stlth+}
134857 | Zig:12   | Entered Level 12 of a ziggurat
134867 | Zig:12   | Noticed Xycsehidgh the pandemonium lord
134867 | Zig:12   | Noticed Lofie the pandemonium lord
134867 | Zig:12   | Noticed Onaeg the pandemonium lord
134870 | Zig:12   | Killed Onaeg the pandemonium lord
134870 | Zig:12   | Killed Xycsehidgh the pandemonium lord
134870 | Zig:12   | Killed Lofie the pandemonium lord
134944 | Zig:12   | Identified the +3 leather armour "Otel" {Regen+ Int+3}
134968 | Zig:13   | Entered Level 13 of a ziggurat
135034 | Zig:13   | Found the +12 glaive of Prune {freeze, Prune}
135075 | Zig:13   | Identified the ring "Taehen" {rN+ MP+9 SInv}
135092 | Zig:13   | Identified the +3 plate armour "Xireheij" {rC+ Str+3 Dex-3}
135093 | Zig:13   | Identified the staff of Patterns {^Drain rN+ Int+6 Necro
                  | Fire Earth}
135116 | Zig:14   | Entered Level 14 of a ziggurat
135155 | Zig:14   | Reached skill level 10 in Stealth
135160 | Zig:14   | Got Asmodeus's Omnibus of the Volley
135185 | Zig:14   | Learned a level 9 spell: Chain Lightning
135201 | Zig:15   | Entered Level 15 of a ziggurat
135312 | Zig:15   | Identified the +7 arbalest of Untimely Demise {elec, Fly
                  | rPois rF+}
135320 | Zig:15   | Identified the staff of the Fray {^Contam Will+++ SInv Fire
                  | Earth}
135344 | Zig:16   | Entered Level 16 of a ziggurat
135439 | Zig:16   | Identified the staff "Sivveull" {+Blink rElec rF+ MP-9
                  | Dex+4 Necro Fire}
135442 | Zig:16   | Identified the +0 short sword "Arcanum" {drain, Stlth+}
135462 | Zig:17   | Entered Level 17 of a ziggurat
135508 | Zig:17   | Identified the staff of Zubrebais {rElec rPois Str-5 SInv
                  | Alchemy}
135523 | Zig:17   | Identified the staff of Ash {rElec rPois Stlth- Hexes Earth
                  | Alchemy}
135524 | Zig:17   | Identified the +1 lajatang "Beetlebane" {freeze, rElec rN+
                  | Dex-2}
135532 | Zig:18   | Entered Level 18 of a ziggurat
135707 | Zig:18   | Found the +7 Spriggan's Knife {stab, EV+4 Stlth+}
135715 | Zig:18   | Identified the +6 whip of Xuxutot {speed, Str+3}
135729 | Zig:18   | Identified the ring of Ucomaas {rN++ Int+3 Dex+6}
135741 | Zig:18   | Identified the staff of Context {Fly Dex+5 Conj}
135756 | Zig:18   | Identified the ring "Rigesiyck" {rCorr Str+8 Int+6 Dex+3
                  | SInv}
135759 | Zig:19   | Entered Level 19 of a ziggurat
135874 | Zig:19   | Found the ring of the Octopus King
135881 | Zig:19   | Identified the ring "Foiqiarch" {rPois MP+9 Str+4}
135883 | Zig:19   | Identified the +0 glaive "Pylacaz" {flame, MP+9}
135885 | Zig:19   | Identified the ring of Boixtoz {Str+6 Int+6 SInv}
135893 | Zig:19   | Identified a ring of the Octopus King {rN+ HP+2 AC+2 EV+2
                  | SH+2}
135895 | Zig:19   | Identified the amulet of Mauw {Reflect +Inv rElec rC- SH+5}
135904 | Zig:19   | Identified the +0 leather armour "Otzumum" {Rampage rC+
                  | Int+2}
135914 | Zig:20   | Entered Level 20 of a ziggurat
136093 | Zig:20   | Identified the +10 gold dragon scales "Ufakk" {rPois rF+
                  | rC+ Will+}
136114 | Zig:20   | Identified the +2 cloak of Jigsaw {*Corrode Fly rElec
                  | Int+6}
136119 | Zig:20   | Identified the amulet "Oses" {Spirit -Tele Int+2 Stlth+}
136124 | Zig:20   | Identified the +3 scale mail of Arch {rN+ rCorr Slay+2}
136133 | Zig:21   | Entered Level 21 of a ziggurat
136214 | Zig:21   | Paralysed by a wendigo for 1 turns
136384 | Zig:21   | Identified the +0 buckler of the Miller {Str+2}
136390 | Zig:21   | Identified the ring "Situm" {rPois rC+ Str+3 Dex-3 Slay+5}
136400 | Zig:21   | Identified the ring "Abbuzuwk" {rElec rF+ rN+}
136405 | Zig:21   | Identified the +3 spear of Netiafuff {venom, rCorr Int+2
                  | SInv}
136434 | Zig:22   | Entered Level 22 of a ziggurat
136462 | Zig:22   | Noticed an orb of fire
136470 | Zig:22   | Noticed an orb of fire
136486 | Zig:22   | Noticed an orb of fire
136490 | Zig:22   | Gained mutation: Your magical capacity is low. (-10% MP)
                  | [an orb of fire]
136492 | Zig:22   | Noticed an orb of fire
136495 | Zig:22   | Noticed an orb of fire
136499 | Zig:22   | Killed an orb of fire
136500 | Zig:22   | Gained mutation: You are partially covered in large bone
                  | plates. (SH +4) [an orb of fire]
136513 | Zig:22   | Killed an orb of fire
136517 | Zig:22   | Gained mutation: You occasionally lose the ability to drink
                  | potions when taking damage. [an orb of fire]
136543 | Zig:22   | Killed an orb of fire
136544 | Zig:22   | Killed an orb of fire
136545 | Zig:22   | Killed an orb of fire
136610 | Zig:22   | Identified the amulet of Kogromec {Reflect Harm +Blink rC-
                  | rN+ SH+5}
136646 | Zig:22   | Identified the +8 lajatang "Ydiakhenei" {flame, rN++ Int+4
                  | Stlth-}
136649 | Zig:22   | Identified the +5 bardiche "Isatuvvi" {drain, Fly Will-
                  | Stlth+}
136650 | Zig:22   | Identified the +8 war axe "Ociduken" {drain, rC++ Int-4}
136658 | Zig:22   | Identified the +5 scale mail of Circular Logic {rF+ rCorr
                  | Str-3 Int+3}
136660 | Zig:22   | Identified the +4 giant spiked club "X" {vamp, *Rage Str+3
                  | Int+6 Dex+2}
136671 | Zig:23   | Entered Level 23 of a ziggurat
136683 | Zig:23   | Reached skill level 27 in Earth Magic
136683 | Zig:23   | Noticed a dread lich
136689 | Zig:23   | Killed a dread lich
136689 | Zig:23   | Noticed an ancient lich
136697 | Zig:23   | Noticed an ancient lich
136708 | Zig:23   | Noticed a dread lich
136709 | Zig:23   | Killed an ancient lich
136711 | Zig:23   | Noticed an ancient lich
136712 | Zig:23   | Killed an ancient lich
136712 | Zig:23   | Killed a dread lich
136719 | Zig:23   | Killed an ancient lich
136816 | Zig:23   | Donated 3337 gold pieces to Zin
136822 | Zig:23   | Identified the +0 chain mail "Epsasoto" {rPois Str+5 Dex+4}
136827 | Zig:23   | Identified the +1 robe of Foolhardiness {+Blink Int+3}
136829 | Zig:23   | Identified the +5 chain mail "Plog" {rN+ Str-3 Int+5}
136834 | Zig:23   | Identified the +5 dagger "Ogreslayer" {pain, rF+ rC+ Str-3
                  | SInv}
136835 | Zig:23   | Identified the +9 quarterstaff of Linearity {heavy, rPois
                  | Will- SInv}
136836 | Zig:23   | Identified the +1 broad axe "Notecsog" {vamp, MP+9 Stlth+}
136837 | Zig:23   | Identified the staff of Jivaul {rPois Stlth+ Alchemy}
136840 | Zig:23   | Identified the amulet of Qesayrr {Reflect Harm +Blink SH+5}
136856 | Zig:23   | Identified the ring "Awneriy" {Fly Str+4}
136880 | Zig:23   | Identified the amulet of the Unicorn {Spirit rPois rF+ rN++
                  | SInv}
136897 | Zig:24   | Entered Level 24 of a ziggurat
137043 | Zig:24   | Lost mutation: You occasionally lose the ability to drink
                  | potions when taking damage. [potion of mutation]
137043 | Zig:24   | Lost mutation: You are partially covered in large bone
                  | plates. (SH +4) [potion of mutation]
137043 | Zig:24   | Lost mutation: Your magical capacity is low. (-10% MP)
                  | [potion of mutation]
137146 | Zig:24   | Identified the staff "Munuirgh" {Fly rPois rN+ Dex+3
                  | Alchemy}
137167 | Zig:24   | Identified the staff of the Eggplant {rElec Int+2 Air}
137207 | Zig:24   | Identified the +5 mace of Tension {spect, Int+2}
137225 | Zig:25   | Entered Level 25 of a ziggurat
137304 | Zig:25   | Reached skill level 15 in Evocations
137444 | Zig:25   | Identified the +1 scale mail "Etumyh" {Rampage rF- rN+++
                  | Regen+}
137445 | Zig:25   | Identified the +5 short sword of Ziaroimm {protect, MP+9
                  | Int+4}
137459 | Zig:25   | Identified the +3 flail "Orb Guardian's Doom" {venom,
                  | Dex+6}
137485 | Zig:26   | Entered Level 26 of a ziggurat
137725 | Zig:26   | Identified the +1 hand axe of Division {flame, Int+2 Dex+3}
137730 | Zig:26   | Identified the +1 pair of gloves of a Gauntlet {Str+2}
137777 | Zig:27   | Entered Level 27 of a ziggurat
138038 | Zig:27   | Found the +8 autumn katana {manifold assault}
138088 | Zig:27   | Identified the +1 hand axe of Modesty {flame, rF++ rN+
                  | Int-2}
138099 | Zig:27   | Identified the +7 orcbow of the Burning Queen {heavy,
                  | ^Drain rPois rCorr Dex+5}
138701 | Tomb:2   | Noticed a royal mummy
138701 | Tomb:2   | Noticed a royal mummy
138704 | Tomb:2   | Noticed Boris
138705 | Tomb:2   | Noticed a royal mummy
138707 | Tomb:2   | Noticed a royal mummy
138708 | Tomb:2   | Noticed a royal mummy
138730 | Tomb:1   | Noticed a royal mummy
138735 | Tomb:1   | Killed a royal mummy
138735 | Tomb:1   | Noticed a royal mummy
138740 | Tomb:1   | Killed a royal mummy
138742 | Tomb:1   | Noticed a royal mummy
138804 | Tomb:1   | Noticed a royal mummy
138806 | Tomb:1   | Noticed a royal mummy
138807 | Tomb:1   | Killed a royal mummy
138810 | Tomb:1   | Killed a royal mummy
138810 | Tomb:1   | Noticed a royal mummy
138811 | Tomb:1   | Killed a royal mummy
138811 | Tomb:1   | Noticed a royal mummy
138815 | Tomb:1   | Noticed a royal mummy
138821 | Tomb:1   | Killed a royal mummy
138822 | Tomb:1   | Noticed a royal mummy
138890 | Tomb:1   | Killed a royal mummy
138894 | Tomb:1   | Noticed a royal mummy
138898 | Tomb:1   | Killed a royal mummy
138923 | Tomb:1   | Noticed a royal mummy
138926 | Tomb:1   | Killed a royal mummy
138939 | Tomb:1   | Noticed a royal mummy
138942 | Tomb:1   | Killed a royal mummy
138948 | Tomb:1   | Noticed a royal mummy
138960 | Tomb:1   | Noticed a royal mummy
138965 | Tomb:1   | Killed a royal mummy
138965 | Tomb:1   | Killed a royal mummy
139088 | Tomb:1   | Noticed a royal mummy
139099 | Tomb:1   | Killed a royal mummy
139114 | Tomb:1   | Killed a royal mummy
139165 | Tomb:1   | Noticed a royal mummy
139169 | Tomb:1   | Killed a royal mummy
139169 | Tomb:1   | Noticed a royal mummy
139172 | Tomb:1   | Killed a royal mummy
139173 | Tomb:1   | Killed a royal mummy
139309 | Tomb:1   | Noticed a royal mummy
139313 | Tomb:1   | Killed a royal mummy
139634 | Tomb:2   | Killed a royal mummy
139652 | Tomb:2   | Killed a royal mummy
139653 | Tomb:2   | Killed a royal mummy
139653 | Tomb:2   | Killed a royal mummy
139654 | Tomb:2   | Killed a royal mummy
139655 | Tomb:2   | Killed Boris
140244 | Tomb:2   | Gained mutation: You are weak. (Str -2) [mutagenic glow]
140291 | Tomb:3   | Entered Level 3 of the Tomb of the Ancients
140346 | Tomb:3   | Noticed a royal mummy
140353 | Tomb:3   | Noticed a royal mummy
140359 | Tomb:3   | Noticed a royal mummy
140359 | Tomb:3   | Noticed a royal mummy
140367 | Tomb:3   | Noticed a royal mummy
140376 | Tomb:3   | Found the +18 shield of the Gong {Loud rN+ Will+ rCorr
                  | EV-5}
140382 | Tomb:3   | Killed a royal mummy
140383 | Tomb:3   | Killed a royal mummy
140446 | Tomb:3   | Killed a royal mummy
140447 | Tomb:3   | Killed a royal mummy
140448 | Tomb:3   | Killed a royal mummy
140448 | Tomb:3   | Noticed a royal mummy
140450 | Tomb:3   | Noticed a royal mummy
140450 | Tomb:3   | Killed a royal mummy
140456 | Tomb:3   | Noticed a royal mummy
140483 | Tomb:3   | Killed a royal mummy
140564 | Tomb:3   | Killed a royal mummy
140585 | Tomb:3   | Noticed a royal mummy
140587 | Tomb:3   | Killed a royal mummy
140657 | Tomb:3   | Identified the staff of the Assorted Knives {SInv Conj
                  | Fire}
140690 | Tomb:3   | Identified the +4 morningstar "Sycydeuti" {vamp, *Slow rN+
                  | Dex+3 Stlth+}
140861 | Tomb:3   | Identified the +6 long sword of Zomaytsi {freeze, rElec}
140871 | Tomb:3   | Identified the +7 short sword of Bright Absolution {vamp,
                  | Str+4}
140906 | Tomb:3   | Identified the ring "Miteac" {^Contam *Corrode +Blink rPois
                  | MP+9}
140934 | Tomb:3   | Identified the +1 leather armour of Privacy {rF- rN+ Will-
                  | Str+7}
140935 | Tomb:3   | Identified the +5 sling of Instinct {antimagic, Str+2 Int+3
                  | SInv Stlth-}
140981 | Tomb:3   | Gained mutation: You occasionally shout uncontrollably at
                  | your foes. [mutagenic glow]
140987 | Tomb:3   | Gained mutation: You are occasionally teleported next to
                  | monsters. [mutagenic glow]
140996 | Tomb:3   | Gained mutation: Your body sometimes deteriorates upon
                  | taking damage. [mutagenic glow]
141005 | Tomb:3   | Gained mutation: Your body often deteriorates upon taking
                  | damage. [mutagenic glow]
141072 | Tomb:3   | Got a golden rune of Zot
141093 | Tomb:3   | Lost mutation: You are occasionally teleported next to
                  | monsters. [potion of mutation]
141093 | Tomb:3   | Lost mutation: You are weak. (Str -2) [potion of mutation]
141093 | Tomb:3   | Lost mutation: Your body often deteriorates upon taking
                  | damage. [potion of mutation]
141094 | Tomb:3   | Lost mutation: Your body sometimes deteriorates upon taking
                  | damage. [potion of mutation]
141094 | Tomb:3   | Lost mutation: You occasionally shout uncontrollably at
                  | your foes. [potion of mutation]
142210 | Zot:5    | Got the Orb of Zot
142451 | D:15     | Noticed Boris
142452 | D:15     | Killed Boris
142599 | D:6      | Noticed Wukadod the pandemonium lord
142735 | D:$      | Escaped with the Orb!

Illustrated notes

Levels and vault maps discovered:
D:1:      roderic_chinese_lattice_arrival, layout_basic, serial_curves,
          eino_curves_01, eino_curves_04, eino_curves_02
D:2:      layout_rooms, minmay_pentomino_v2
D:3:      layout_loops_ring, serial_shops, nicolae_shop_bloodbath_and_beyond
D:4:      layout_loops_cross, trog_wizard, corexii_shack
D:5:      layout_rooms, nicolae_overflow_crystal_walls,
          gammafunk_temple_overflow_pools
D:6:      cheibrodos_fzero, layout_cave_pools, minmay_temple_entry_glass,
          serial_gnoll_camp, gnoll_camp_huts_moat, gnoll_camp_mini_doghouse,
          gnoll_camp_mini_loothouse, gnoll_camp_medium_02, gnoll_camp_medium_01,
          nicolae_shop_i_like_small_books_too
D:7:      layout_rooms, chequers_arboretum, uniq_menkaure
D:8:      layout_loops_ring
D:9:      layout_basic, dpeg_oklobed_lair, serial_shops, shop,
          nicolae_shop_tiny_glass, nicolae_shop_tiny_waterfront, kb_rosetta
D:10:     gammafunk_the_bubble [the_bubble_gammafunk_roulette],
          layout_cave_pools
D:11:     layout_loops_ring, minmay_orc_entry_temple_large, serial_shops, shop,
          nicolae_figureground_pulse, uniq_erolcha, uniq_gastronok, uniq_erica
D:12:     layout_roguey [special_room_orc], abandoned_shop, eino_jars, uniq_urug
D:13:     layout_gridville, grunt_vaults_entry_fortified,
          minmay_shattered_shrine
D:14:     layout_cave_pools, hangedman_abyss_or_decor_clamps,
          grunt_ministairs_8, minivault_11, uniq_azrael, uniq_rupert, uniq_kirke
D:15:     hangedman_depths_entry_civil_slaughter, layout_loops_ring,
          grunt_decor_fettered, minmay_misc_feat_cross
Temple:   dpeg_three_leaves_temple
Lair:1:   layout_chaotic_city
Lair:2:   layout_layer_cave, nicolae_spider_entry_lesser_pyramids,
          guppyfry_lair_drakes, serial_bayou_shore_a, grunt_megastairs_1
Lair:3:   layout_regular_city, mainiacjoe_swamp_entry_lozenge_pond,
          lemuel_fruit_fields, lemuel_fruit_tree, serial_bayou_shore_b
Lair:4:   layout_roguey [special_room_mythical_zoo], slime_entry_1,
          lemuel_fruit_fields, grunt_megastairs_3
Lair:5:   hangedman_lair_tendril_chambers, layout_regular_city,
          hangedman_lair_unloving_vines
Swamp:1:  layout_basic_swamp, evilmike_swamp_ruin_rubble_1,
          nicolae_swamp_vermiculated
Swamp:2:  layout_falls_marsh, nicolae_swamp_tree_designs
Swamp:3:  layout_falls_marsh, gammafunk_ghost_split, serial_swamp_ruin,
          evilmike_swamp_ruin_house_2, evilmike_swamp_ruin_house_4,
          evilmike_swamp_ruin_house_1, swamp_pool_3, infiniplex_staircase_pool
Swamp:4:  swamp_basic_johnstein, layout_basic_swamp, uniq_nikola
Spider:1: layout_chambers, uniq_asterion
Spider:2: layout_spider_delve
Spider:3: layout_spider_delve, uniq_bai_suzhen
Spider:4: grunt_spider_rune_circles, nicolae_spider_moth_buddies
Slime:1:  layout_caves
Slime:2:  layout_caves, dissolution_awaits
Slime:3:  layout_caves
Slime:4:  layout_caves
Slime:5:  slime_pit
Orc:1:    layout_caves
Orc:2:    grunt_orc_tribal_feast, layout_caves, regret_index_minedec_devilstone,
          nicolae_shop_clearance
Elf:1:    elf_arrival_002, layout_geoelf_grid,
          hangedman_elven_crosses_minicolossus
Elf:2:    elven_hall_of_blades_hangedman_alternative
          [nicolae_blade_entry_floor_patterns], layout_geoelf_grid,
          minmay_shop_star
Elf:3:    minmay_elf_hall_spiked, layout_loops_ring, glass_columns_a, uniq_boris
Vaults:1: vaults_room_ringed_pool, nicolae_vaults_c_with_doors, v_misc_1,
          nicolae_vaults_storage_closets_3, nicolae_vaults_network_quincunx
          [nicolae_vaults_network_quincunx_subvault,
          nicolae_vaults_network_quincunx_subvault,
          nicolae_vaults_network_quincunx_subvault,
          nicolae_vaults_network_quincunx_subvault,
          nicolae_vaults_network_quincunx_subvault],
          nicolae_vaults_network_star, v_misc_14, vaults_room_hallway,
          grunt_vaults_hallway_long, v_misc_24, nicolae_vaults_little_squares_4,
          nicolae_vaults_tangram_1, nicolae_vaults_tetromino_T_2,
          ontoclasm_vaults_loading_screen, vaults_room_semicircle,
          nicolae_vaults_oval_intersection, nicolae_vaults_rhombus_7,
          layout_vaults_big_cross
Vaults:2: portal_desolation_entry_garden, nicolae_vaults_diamond_1, v_misc_18,
          v_pattern_2, hangedman_vaults_hat, v_misc_1,
          grunt_vaults_hallway_short, ontoclasm_vaults_fault, v_misc_5,
          vaults_room_hallway, layout_vaults_omnigrid
Vaults:3: nicolae_vaults_twisting_passages, v_alt_pattern_5,
          nicolae_vaults_trapezoid_lopsided_4, ontoclasm_vaults_hangar,
          v_misc_19, nicolae_vaults_security_offices_2,
          nicolae_vaults_frosty_reception, nicolae_vaults_offset_grid_hallway_3,
          vaults_room_stairs_pillars, nicolae_vaults_shrinking_rooms_2,
          v_misc_2, nicolae_vaults_windows_and_doors_thing, v_misc_22,
          nicolae_vaults_tetromino_T_1, minmay_crypt_entry_necro_gods,
          nicolae_vaults_two_Ls, layout_vaults_ring, serial_shops,
          nicolae_shop_waterfront
Vaults:4: nicolae_vaults_door_testing_chamber,
          serial_library_hellmonk_reading_circle,
          ontoclasm_vaults_claustrophobia, nicolae_vaults_turnstiles,
          nicolae_vaults_diamond_2, nicolae_vaults_layer_cake_slice,
          nicolae_vaults_trapezoid_lopsided_2, nicolae_vaults_alarming,
          nicolae_vaults_disjoint_gnomons, nicolae_vaults_border_crossing,
          nicolae_vaults_ring_of_whatevers, minmay_orc_keep,
          nicolae_vaults_offset_grid_hallway_1, nicolae_vaults_little_squares_4,
          nicolae_vaults_specimen_jars, nicolae_vaults_little_squares_2,
          layout_vaults_omnibox
Vaults:5
Crypt:1:  layout_basic, feat_on_display, grunt_crypt_arrival_guarded_gate
Crypt:2:  layout_basic
Crypt:3:  david_glass_crypt, layout_rooms,
          nicolae_tomb_entry_unfolded_pyramid_orthogonal
Tomb:1
Tomb:2
Tomb:3
Depths:1: layout_twisted_cross, abyss_entry, hell_entry, pan_entry,
          amcnicky_mini_pool_small, serial_bayou_pond_e,
          nicolae_shop_i_like_big_books, nicolae_ashenzari_skybound,
          minmay_shoptagon, uniq_norris, uniq_enchantress, uniq_sojobo
Depths:2: minmay_dotted_concentric_squares, layout_small_grid,
          grunt_pan_entry_zigzag, abyss_entry, pf_vacation_house_of_asmodeus,
          nemelex_lonely_heart_becter, minmay_staircase_bubble, firewood_loft
Depths:3: dreamdust_hydra_shepherd, layout_cave_shapes,
          grunt_hell_entry_dis_grunt, grunt_pan_entry_sceptre,
          ebering_ghost_rock_garden, abyss_entry, infiniplex_staircase_pool_2,
          hangedman_abyss_or_decor_lesser_grid
Depths:4: evilmike_zot_entry_hall, layout_cave_shapes, enter_ziggurat_c,
          nicolae_titane, pf_hell_entry_tar_river, serial_shops, shop,
          nicolae_lakefront_shop, fiery_altar_vehumet, uniq_grunn, uniq_margery
Hell
Dis:1:    layout_jigsaw, nicolae_dis_distal_crystal
Dis:2:    nicolae_dis_hell_of_blades
Dis:3:    layout_subdivisions
Dis:4:    layout_jigsaw
Dis:5:    layout_gridville, special_room [special_room_morgue],
          nicolae_dis_spooky_hallway
Dis:6:    layout_subdivisions
Dis:7:    dis_grunt_layers
Geh:1:    layout_gehenna_pools_box, nicolae_geh_fiery_graves
          [nicolae_geh_single_fiery_grave, nicolae_geh_single_fiery_grave,
          nicolae_geh_single_fiery_grave, nicolae_geh_single_fiery_grave,
          nicolae_geh_single_fiery_grave, nicolae_geh_single_fiery_grave,
          nicolae_geh_single_fiery_grave, nicolae_geh_single_fiery_grave,
          nicolae_geh_single_fiery_grave]
Geh:2:    layout_gehenna_lava_caves
Geh:3:    layout_gehenna_lava_caves
Geh:5:    layout_gehenna_pools_box
Geh:6:    layout_gehenna_pools_triple
Geh:7:    geh_grunt_pentagon
Coc:1:    nicolae_coc_icebeans_plural [nicolae_sub_coc_subbean,
          nicolae_sub_coc_subbean, nicolae_sub_coc_subbean,
          nicolae_sub_coc_subbean], layout_ice_bergs
Coc:2:    layout_cocytus_water_paths
Coc:3:    layout_cocytus_delve
Coc:4:    layout_cocytus_water_paths
Coc:5:    layout_ice_bergs
Coc:6:    layout_cocytus_water_paths, nicolae_hells_seeping_fissure
Coc:7:    coc_mu
Tar:1:    hangedman_tartarus_temple_path, layout_cathedral_of_symmetry
Tar:2:    minmay_shadows, layout_grid_maze, nicolae_tar_honey_rotating
Tar:3:    layout_catacombs
Tar:4:    layout_catacombs
Tar:5:    layout_cathedral_of_symmetry
Tar:6:    layout_cathedral_of_symmetry, nicolae_tar_cuneiform_to_be
Tar:7:    tar_old
Zot:1:    ebering_klown_carousel, layout_basic, grunt_megastairs_2
Zot:2:    layout_cathedral_of_symmetry, uniq_tiamat, uniq_vv
Zot:3:    layout_concentric_octagons, st_stairs_14,
          hangedman_zot_decor_checkerboard, nicolae_diode_basic, uniq_parghit
Zot:4:    layout_onion, grunt_ministairs_5
Zot:5:    layout_misc_corridors, ebering_ghost_reflecting_pool,
          nicolae_lava_and_water

Skill      XL: |  1  2  3  4  5  6  7  8  9 10 11 12 13 14 15 16 17 18 19 20 21 22 23 24 25 26 27 |
---------------+----------------------------------------------------------------------------------+-----
Conjurations   | 2 3 4 6 7 8 9 10 11 12 13 14 15 25 | 25.0
Spellcasting   | 3 4 5 6 8 9 10 11 12 13 14 15 16 17 18 19 20 21 27 | 27.0
Fire Magic     | 4 5 7 8 9 10 11 12 13 14 15 16 17 18 19 27 | 27.0
Stealth        | 4 5 6 14 | 14.3
Fighting       | 1 2 3 4 8 |  8.9
Dodging        | 2 3 4 5 6 7 8 9 10 19 | 19.7
Hexes          | 1 4 5 |  5.5
Shields        | 2 4 6 7 8 9 10 11 12 13 14 15 25 | 25.7
Translocations | 2 4 5 6 7 |  7.2
Evocations     | 2 4 5 7 8 9 10 16 | 16.4
Throwing       | 1 4 5 6 13 | 13.6
Air Magic      | 2 4 7 8 9 10 11 12 13 14 15 25 | 25.1
Earth Magic    | 1 5 7 8 9 10 11 12 27 | 27.0
Ice Magic      | 2 4 5 6 7 9 10 12 13 14 26 | 26.1
Staves         | 1 4 5 12 | 12.3
Alchemy        | 1 5 6 |  6.9
Invocations    | 21 | 21.7

Action                     |  1- 3 |  4- 6 |  7- 9 | 10-12 | 13-15 | 16-18 | 19-21 | 22-24 | 25-27 || total
---------------------------+-------+-------+-------+-------+-------+-------+-------+-------+-------++-------
  Melee: Staff             |       |       |       |       |       |    43 |   118 |    40 |  1426 ||  1627
         Constrict         |       |       |       |       |       |     8 |    28 |     7 |   211 ||   254
         Unarmed           |       |       |       |       |       |       |       |       |     1 ||     1
   Fire: Sling             |       |     7 |     1 |     9 |    11 |     1 |       |       |       ||    29
  Throw: Dart              |       |       |       |     1 |    12 |       |    10 |       |     1 ||    24
         Boomerang         |       |       |       |       |       |    10 |   125 |    58 |   357 ||   550
         Javelin           |       |       |       |       |       |       |     8 |       |    21 ||    29
   Cast: Foxfire           |   109 |    78 |   250 |   303 |   574 |       |       |       |       ||  1314
         Scorch            |     1 |    14 |    17 |    65 |   102 |     1 |     7 |       |       ||   207
         Flame Wave        |       |     2 |     7 |    61 |   120 |       |       |       |       ||   190
         Inner Flame       |       |     3 |     7 |     8 |    14 |       |       |       |       ||    32
         Blink             |       |       |     1 |       |       |     2 |       |     1 |    34 ||    38
         Freezing Cloud    |       |       |       |       |    10 |    11 |     8 |       |       ||    29
         Ozocubu's Armour  |       |       |       |       |     2 |     2 |     8 |     2 |    62 ||    76
         Bombard           |       |       |       |       |    80 |    79 |   247 |   162 |   351 ||   919
         Plasma Beam       |       |       |       |       |     8 |   361 |   255 |   320 |   972 ||  1916
         Starburst         |       |       |       |       |       |    69 |    15 |    60 |   128 ||   272
         Fireball          |       |       |       |       |       |    12 |    31 |    94 |   146 ||   283
         Ozocubu's Refrige |       |       |       |       |       |       |       |    16 |   481 ||   497
         Arcjolt           |       |       |       |       |       |       |       |     3 |    55 ||    58
         Yara's Violent Un |       |       |       |       |       |       |       |     2 |     4 ||     6
         Ignition          |       |       |       |       |       |       |       |       |   663 ||   663
         Lehudib's Crystal |       |       |       |       |       |       |       |       |  1113 ||  1113
         Shatter           |       |       |       |       |       |       |       |       |    63 ||    63
         Fire Storm        |       |       |       |       |       |       |       |       |    40 ||    40
         Iskenderun's Myst |       |       |       |       |       |       |       |       |    26 ||    26
         Chain Lightning   |       |       |       |       |       |       |       |       |    19 ||    19
         Polar Vortex      |       |       |       |       |       |       |       |       |    14 ||    14
 Invoke: Call Merchant     |       |       |       |     1 |     4 |       |     2 |     1 |     8 ||    16
         Vitalisation      |       |       |       |       |       |       |       |       |   213 ||   213
         Recite            |       |       |       |       |       |       |       |       |    25 ||    25
         Sanctuary         |       |       |       |       |       |       |       |       |    15 ||    15
         Donate Gold       |       |       |       |       |       |       |       |       |     1 ||     1
Ability: Spit Poison       |    10 |     6 |     8 |    16 |    46 |     8 |     7 |     4 |     7 ||   112
  Evoke: Wand              |       |       |     1 |    40 |    47 |    46 |    39 |    36 |   382 ||   591
         Lightning rod     |       |       |       |       |       |       |       |       |    44 ||    44
         Phantom mirror    |       |       |       |       |       |       |       |       |     7 ||     7
         Horn of Geryon    |       |       |       |       |       |       |       |       |     3 ||     3
         Condenser vane    |       |       |       |       |       |       |       |       |     8 ||     8
         Phial of floods   |       |       |       |       |       |       |       |       |     1 ||     1
    Use: Scroll            |     4 |       |       |     5 |    21 |    11 |    10 |     3 |    72 ||   126
         Potion            |       |       |       |       |       |     3 |     3 |     3 |    57 ||    66
   Stab: Distracted        |       |       |       |       |       |       |       |       |     5 ||     5
         Confused          |       |       |       |       |       |       |       |       |     2 ||     2
 Armour: Robe              |    14 |    23 |    99 |       |    94 |   249 |   192 |    82 |  2514 ||  3267
         Steam dragon scal |       |       |    17 |   171 |   345 |       |       |       |       ||   533
         Skin              |       |       |       |       |       |       |       |       |     5 ||     5
  Dodge: Dodged            |     9 |    16 |    63 |    54 |   181 |    77 |   107 |    63 |  1455 ||  2025
         Repelled          |       |       |     1 |     2 |     3 |     5 |     3 |     3 |    28 ||    45
  Block: Buckler           |       |       |       |    39 |   123 |    82 |    89 |    48 |       ||   381
         Kite shield       |       |       |       |       |       |       |       |    19 |  1704 ||  1723
         Tower shield      |       |       |       |       |       |       |       |       |  1656 ||  1656
         Reflection        |       |       |       |       |       |       |       |       |    63 ||    63
